Workbook

Sheet Cover
A1: Calculation of efficient business retail cost allowances
B4: Purpose
B5: This models calculates efficient cost allowances for the business retail price control.
B7: Worksheets
B8: Inputs | C8: Presents historical data and company submitted forecast data for business retail expenditure
B9: CPIH adjustment | C9: Presents the consumer price index including housing (CPIH) adjustment forecasts by company used to nominal costs into real terms.
B10: Cost per tariff category | C10: Presents the proposed and allowed cost per customer for each tariff category of Welsh Water and Hafren Dyfrdwy
B11: Final allowance and margins | C11: This worksheet present the allowed costs for each tariff for each company from the 'cost per tariff category' tab

Sheet Inputs>>

Sheet Inputs
C1: PR19CABuR_In
A2: Acronym | B2: Reference | C2: Item description | D2: Unit | E2: Model | F2: 2012-13 | G2: 2013-14 | H2: 2014-15 | I2: 2015-16 | J2: 2016-17 | K2: 2017-18 | L2: 2018-19 | M2: 2019-20 | N2: 2020-21 | O2: 2021-22 | P2: 2022-23 | Q2: 2023-24 | R2: 2024-25
A4: WSH | B4: R4001 | C4: Total operating expenditure (excluding exceptional items) | D4: £m | E4: Price Review 2019 | F4: 0 | G4: 0 | H4: 0 | I4: 0 | J4: 0 | K4: 0 | L4: 0 | M4: 0 | N4: 0 | O4: 0 | P4: 0 | Q4: 0 | R4: 0
A5: WSH | B5: R4002 | C5: Total depreciation of assets included in RCV (assets existing before AMP6) | D5: £m | E5: Price Review 2019 | F5: 0 | G5: 0 | H5: 0 | I5: 0 | J5: 0 | K5: 0 | L5: 0 | M5: 0 | N5: 0 | O5: 0 | P5: 0 | Q5: 0 | R5: 0
A6: WSH | B6: R40003 | C6: Expenditure - Total depreciation on assets acquired between 1 April 2015 and 31 March 2020 | D6: £m | E6: Price Review 2019 | I6: 0 | J6: 0 | K6: 0 | L6: 0 | M6: 0 | N6: 0 | O6: 0 | P6: 0 | Q6: 0 | R6: 0
A7: WSH | B7: R40004 | C7: Expenditure - Total depreciation on assets acquired after 1 April 2020 | D7: £m | E7: Price Review 2019 | N7: 0 | O7: 0 | P7: 0 | Q7: 0 | R7: 0
A8: WSH | B8: R40005 | C8: Expenditure - Pension deficit repair costs | D8: £m | E8: Price Review 2019 | F8: 0 | G8: 0 | H8: 0 | I8: 0 | J8: 0 | K8: 0 | L8: 0 | M8: 0 | N8: 0 | O8: 0 | P8: 0 | Q8: 0 | R8: 0
A9: WSH | B9: R40006 | C9: Expenditure - Total business retail costs (opex plus depreciation, excluding financing costs) | D9: £m | E9: Price Review 2019 | F9: 0 | G9: 0 | H9: 0 | I9: 0 | J9: 0 | K9: 0 | L9: 0 | M9: 0 | N9: 0 | O9: 0 | P9: 0 | Q9: 0 | R9: 0
A10: WSH | B10: R40007 | C10: Expenditure - Capital expenditure on assets principally used by retail | D10: £m | E10: Price Review 2019 | F10: 0 | G10: 0 | H10: 0 | I10: 0 | J10: 0 | K10: 0 | L10: 0 | M10: 0 | N10: 0 | O10: 0 | P10: 0 | Q10: 0 | R10: 0
A11: WSH | B11: R40008 | C11: Expenditure - Services to developers (retail) | D11: £m | E11: Price Review 2019 | F11: 0 | G11: 0 | H11: 0 | I11: 0 | J11: 0 | K11: 0 | L11: 0 | M11: 0 | N11: 0 | O11: 0 | P11: 0 | Q11: 0 | R11: 0
A12: WSH | B12: R40009 | C12: Expenditure - Miscellaneous costs | D12: £m | E12: Price Review 2019 | F12: 0 | G12: 0 | H12: 0 | I12: 0 | J12: 0 | K12: 0 | L12: 0 | M12: 0 | N12: 0 | O12: 0 | P12: 0 | Q12: 0 | R12: 0
A13: WSH | B13: R40010 | C13: Expenditure - Total business retail costs, less services to developers and miscellaneous costs | D13: £m | E13: Price Review 2019 | F13: 0 | G13: 0 | H13: 0 | I13: 0 | J13: 0 | K13: 0 | L13: 0 | M13: 0 | N13: 0 | O13: 0 | P13: 0 | Q13: 0 | R13: 0
A14: WSH | B14: R40015 | C14: Customer numbers - Businesses connected | D14: 000s | E14: Price Review 2019 | F14: 0 | G14: 0 | H14: 0 | I14: 0 | J14: 0 | K14: 0 | L14: 0 | M14: 0 | N14: 0 | O14: 0 | P14: 0 | Q14: 0 | R14: 0
A15: WSH | B15: R4001W | C15: Expenditure - Total operating expenditure | D15: £m | E15: Price Review 2019 | F15: 6.274 | G15: 6.101 | H15: 6.313 | I15: 5.91 | J15: 5.468 | K15: 5.176 | L15: 6.11 | M15: 6.076 | N15: 6.085 | O15: 6.075 | P15: 6.108 | Q15: 6.143 | R15: 6.184
A16: WSH | B16: R4002W | C16: Expenditure - Total depreciation on assets existing at 31 March 2015 | D16: £m | E16: Price Review 2019 | F16: 0.038 | G16: 0.419 | H16: 0.447 | I16: 0.586 | J16: 0.269 | K16: 0.465 | L16: 0.351 | M16: 0.304 | N16: 0.288 | O16: 0.268 | P16: 0.264 | Q16: 0.263 | R16: 0.263
A17: WSH | B17: R40003W | C17: Expenditure - Total depreciation on assets acquired between 1 April 2015 and 31 March 2020 | D17: £m | E17: Price Review 2019 | I17: 0.061 | J17: 0.104 | K17: 0.227 | L17: 0.3 | M17: 0.272 | N17: 0.3 | O17: 0.274 | P17: 0.263 | Q17: 0.232 | R17: 0.231
A18: WSH | B18: R40004W | C18: Expenditure - Total depreciation on assets acquired after 1 April 2020 | D18: £m | E18: Price Review 2019 | N18: 0.034 | O18: 0.081 | P18: 0.107 | Q18: 0.131 | R18: 0.151
A19: WSH | B19: R40005W | C19: Expenditure - Pension deficit repair costs | D19: £m | E19: Price Review 2019 | F19: 0 | G19: 0.002 | H19: 0.002 | I19: 0.002 | J19: 0.012 | K19: 0.067 | L19: 0.067 | M19: 0.035 | N19: 0.035 | O19: 0.035 | P19: 0.035 | Q19: 0.035 | R19: 0.035
A20: WSH | B20: R40006W | C20: Expenditure - Total business retail costs (opex plus depreciation, excluding financing costs) | D20: £m | E20: Price Review 2019 | F20: 6.312 | G20: 6.522 | H20: 6.762 | I20: 6.559 | J20: 5.853 | K20: 5.935 | L20: 6.828 | M20: 6.687 | N20: 6.742 | O20: 6.733 | P20: 6.777 | Q20: 6.804 | R20: 6.864
A21: WSH | B21: R40007W | C21: Expenditure - Capital expenditure on assets principally used by retail | D21: £m | E21: Price Review 2019 | F21: 0.013 | G21: 2.596 | H21: 2.712 | I21: 0.663 | J21: 0.332 | K21: 0.607 | L21: 0.648 | M21: 0.733 | N21: 0.674 | O21: 0.272 | P21: 0.252 | Q21: 0.24 | R21: 0.183
A22: WSH | B22: R40008W | C22: Expenditure - Services to developers (retail) | D22: £m | E22: Price Review 2019 | F22: 0.227 | G22: 0.115 | H22: 0.091 | I22: 0.091 | J22: 0.208 | K22: 0.27 | L22: 0.603 | M22: 0.613 | N22: 0.635 | O22: 0.648 | P22: 0.661 | Q22: 0.674 | R22: 0.688
A23: WSH | B23: R40009W | C23: Expenditure - Miscellaneous costs | D23: £m | E23: Price Review 2019 | F23: 0 | G23: 0 | H23: 0 | I23: 0 | J23: 0 | K23: 0 | L23: 0 | M23: 0 | N23: 0 | O23: 0 | P23: 0 | Q23: 0 | R23: 0
A24: WSH | B24: R40010W | C24: Expenditure - Total business retail costs, less services to developers and miscellaneous costs | D24: £m | E24: Price Review 2019 | F24: 6.085 | G24: 6.407 | H24: 6.671 | I24: 6.468 | J24: 5.645 | K24: 5.665 | L24: 6.225 | M24: 6.074 | N24: 6.107 | O24: 6.085 | P24: 6.116 | Q24: 6.13 | R24: 6.176
A25: WSH | B25: R40015W | C25: Customer numbers - Businesses connected | D25: 000s | E25: Price Review 2019 | F25: 176809 | G25: 176993 | H25: 178694 | I25: 177368 | J25: 175152 | K25: 174447 | L25: 173041 | M25: 173715 | N25: 174500 | O25: 175162 | P25: 175818 | Q25: 176472 | R25: 177125
A26: WSH | B26: R4034_B1W | C26: Tariff Band 1 - Retail cost per customer ~ Tariff Band 1 | D26: £ | E26: Price Review 2019 | F26: 30.66 | G26: 32.2 | H26: 33.36 | I26: 32.49 | J26: 28.45 | K26: 28.61 | L26: 31.79 | M26: 30.93 | N26: 30.86 | O26: 30.54 | P26: 30.5 | Q26: 30.37 | R26: 30.4
A27: WSH | B27: R4034_B2W | C27: Tariff Band 2 - Retail cost per customer ~ Tariff Band 2 | D27: £ | E27: Price Review 2019 | F27: 184.95 | G27: 194.74 | H27: 201.03 | I27: 211.18 | J27: 183.01 | K27: 191.5 | L27: 220.16 | M27: 216.31 | N27: 224.78 | O27: 231.4 | P27: 239.93 | Q27: 247.86 | R27: 257.19
A28: WSH | B28: R4034_B3W | C28: Tariff Band 3 - Retail cost per customer ~ Tariff Band 3 | D28: £ | E28: Price Review 2019 | F28: 39.3 | G28: 41.42 | H28: 42.46 | I28: 41.63 | J28: 37.2 | K28: 37.53 | L28: 41.34 | M28: 40.17 | N28: 40.3 | O28: 40.12 | P28: 40.27 | Q28: 40.32 | R28: 40.58
A29: WSH | B29: R4034_B4W | C29: Tariff Band 4 - Retail cost per customer ~ Tariff Band 4 | D29: £ | E29: Price Review 2019
A30: WSH | B30: R4034_B5W | C30: Tariff Band 5 - Retail cost per customer ~ Tariff Band 5 | D30: £ | E30: Price Review 2019
A31: WSH | B31: R4034_B6W | C31: Tariff Band 6 - Retail cost per customer ~ Tariff Band 6 | D31: £ | E31: Price Review 2019
A32: WSH | B32: R4034_B7W | C32: Tariff Band 7 - Retail cost per customer ~ Tariff Band 7 | D32: £ | E32: Price Review 2019
A33: WSH | B33: R4034_B8W | C33: Tariff Band 8 - Retail cost per customer ~ Tariff Band 8 | D33: £ | E33: Price Review 2019
A34: WSH | B34: R4034_B9W | C34: Tariff Band 9 - Retail cost per customer ~ Tariff Band 9 | D34: £ | E34: Price Review 2019
A35: WSH | B35: R4034_B10W | C35: Tariff Band 10 - Retail cost per customer ~ Tariff Band 10 | D35: £ | E35: Price Review 2019
A36: WSH | B36: R4034_B1 | C36: Tariff Band 1 - Retail cost per customer ~ Tariff Band 1 | D36: £ | E36: Price Review 2019
A37: WSH | B37: R4034_B2 | C37: Tariff Band 2 - Retail cost per customer ~ Tariff Band 2 | D37: £ | E37: Price Review 2019
A38: WSH | B38: R4034_B3 | C38: Tariff Band 3 - Retail cost per customer ~ Tariff Band 3 | D38: £ | E38: Price Review 2019
A39: WSH | B39: R4034_B4 | C39: Tariff Band 4 - Retail cost per customer ~ Tariff Band 4 | D39: £ | E39: Price Review 2019
A40: WSH | B40: R4034_B5 | C40: Tariff Band 5 - Retail cost per customer ~ Tariff Band 5 | D40: £ | E40: Price Review 2019
... A45: WSH | B45: R4034_B10 | C45: Tariff Band 10 - Retail cost per customer ~ Tariff Band 10 | D45: £ | E45: Price Review 2019
A46: WSH | B46: PR19INF0002AL | C46: Consumer price index (including housing costs) - Consumer Price Index (with housing) for April | D46: nr | E46: Price Review 2019 | F46: 95.9 | G46: 98 | H46: 99.6 | I46: 99.9 | J46: 100.6 | K46: 103.2 | L46: 105.5 | M46: 107.6 | N46: 109.70335 | O46: 111.89742 | P46: 114.17266 | Q46: 116.57028 | R46: 119.01826
A47: WSH | B47: PR19INF0002MY | C47: Consumer price index (including housing costs) - Consumer Price Index (with housing) for May | D47: nr | E47: Price Review 2019 | F47: 95.9 | G47: 98.2 | H47: 99.6 | I47: 100.1 | J47: 100.8 | K47: 103.5 | L47: 105.9 | M47: 107.9 | N47: 109.88454 | O47: 112.08223 | P47: 114.37056 | Q47: 116.77234 | R47: 119.22456
A48: WSH | B48: PR19INF0002JN | C48: Consumer price index (including housing costs) - Consumer Price Index (with housing) for June | D48: nr | E48: Price Review 2019 | F48: 95.6 | G48: 98 | H48: 99.8 | I48: 100.1 | J48: 101 | K48: 103.5 | L48: 105.9 | M48: 107.9 | N48: 110.06602 | O48: 112.26734 | P48: 114.56881 | Q48: 116.97475 | R48: 119.43122
A49: WSH | B49: PR19INF0002JL | C49: Consumer price index (including housing costs) - Consumer Price Index (with housing) for July | D49: nr | E49: Price Review 2019 | F49: 95.7 | G49: 98 | H49: 99.6 | I49: 100 | J49: 100.9 | K49: 103.5 | L49: 105.9 | M49: 108 | N49: 110.2478 | O49: 112.45276 | P49: 114.7674 | Q49: 117.17752 | R49: 119.63824
A50: WSH | B50: PR19INF0002AT | C50: Consumer price index (including housing costs) - Consumer Price Index (with housing) for August | D50: nr | E50: Price Review 2019 | F50: 96.1 | G50: 98.4 | H50: 99.9 | I50: 100.3 | J50: 101.2 | K50: 104 | L50: 106.5 | M50: 108.3 | N50: 110.42989 | O50: 112.63849 | P50: 114.96634 | Q50: 117.38063 | R50: 119.84562
A51: WSH | B51: PR19INF0002SR | C51: Consumer price index (including housing costs) - Consumer Price Index (with housing) for September | D51: nr | E51: Price Review 2019 | F51: 96.4 | G51: 98.7 | H51: 100 | I51: 100.2 | J51: 101.5 | K51: 104.3 | L51: 106.6 | M51: 108.47 | N51: 110.61227 | O51: 112.82452 | P51: 115.16562 | Q51: 117.58409 | R51: 120.05336
A52: WSH | B52: PR19INF0002OR | C52: Consumer price index (including housing costs) - Consumer Price Index (with housing) for October | D52: nr | E52: Price Review 2019 | F52: 96.8 | G52: 98.8 | H52: 100.1 | I52: 100.3 | J52: 101.6 | K52: 104.4 | L52: 106.7 | M52: 108.64027 | N52: 110.79496 | O52: 113.01086 | P52: 115.36524 | Q52: 117.78791 | R52: 120.26146
A53: WSH | B53: PR19INF0002NR | C53: Consumer price index (including housing costs) - Consumer Price Index (with housing) for November | D53: nr | E53: Price Review 2019 | F53: 97 | G53: 98.8 | H53: 99.9 | I53: 100.3 | J53: 101.8 | K53: 104.7 | L53: 106.9 | M53: 108.8108 | N53: 110.97794 | O53: 113.1975 | P53: 115.56521 | Q53: 117.99208 | R53: 120.46992
A54: WSH | B54: PR19INF0002DR | C54: Consumer price index (including housing costs) - Consumer Price Index (with housing) for December | D54: nr | E54: Price Review 2019 | F54: 97.3 | G54: 99.2 | H54: 99.9 | I54: 100.4 | J54: 102.2 | K54: 105 | L54: 107.1 | M54: 108.9816 | N54: 111.16123 | O54: 113.38446 | P54: 115.76553 | Q54: 118.19661 | R54: 120.67874
A55: WSH | B55: PR19INF0002JY | C55: Consumer price index (including housing costs) - Consumer Price Index (with housing) for January | D55: nr | E55: Price Review 2019 | F55: 97 | G55: 98.7 | H55: 99.2 | I55: 99.9 | J55: 101.8 | K55: 104.5 | L55: 106.4 | M55: 109.16159 | N55: 111.34483 | O55: 113.581 | P55: 115.9662 | Q55: 118.40149 | R55: 120.88792
A56: WSH | B56: PR19INF0002FY | C56: Consumer price index (including housing costs) - Consumer Price Index (with housing) for February | D56: nr | E56: Price Review 2019 | F56: 97.5 | G56: 99.1 | H56: 99.5 | I56: 100.1 | J56: 102.4 | K56: 104.9 | L56: 106.8 | M56: 109.34188 | N56: 111.52872 | O56: 113.77788 | P56: 116.16721 | Q56: 118.60672 | R56: 121.09746
A57: WSH | B57: PR19INF0002MH | C57: Consumer price index (including housing costs) - Consumer Price Index (with housing) for March | D57: nr | E57: Price Review 2019 | F57: 97.8 | G57: 99.3 | H57: 99.6 | I57: 100.4 | J57: 102.7 | K57: 105.1 | L57: 107 | M57: 109.52247 | N57: 111.71292 | O57: 113.9751 | P57: 116.36857 | Q57: 118.81231 | R57: 121.30737
A58: HDD | B58: R4001 | C58: Total operating expenditure (excluding exceptional items) | D58: £m | E58: Price Review 2019
A59: HDD | B59: R4002 | C59: Total depreciation of assets included in RCV (assets existing before AMP6) | D59: £m | E59: Price Review 2019
A60: HDD | B60: R40003 | C60: Expenditure - Total depreciation on assets acquired between 1 April 2015 and 31 March 2020 | D60: £m | E60: Price Review 2019
A61: HDD | B61: R40004 | C61: Expenditure - Total depreciation on assets acquired after 1 April 2020 | D61: £m | E61: Price Review 2019
A62: HDD | B62: R40005 | C62: Expenditure - Pension deficit repair costs | D62: £m | E62: Price Review 2019
A63: HDD | B63: R40006 | C63: Expenditure - Total business retail costs (opex plus depreciation, excluding financing costs) | D63: £m | E63: Price Review 2019 | F63: 0 | G63: 0 | H63: 0 | I63: 0 | J63: 0 | K63: 0 | L63: 0 | M63: 0 | N63: 0 | O63: 0 | P63: 0 | Q63: 0 | R63: 0
A64: HDD | B64: R40007 | C64: Expenditure - Capital expenditure on assets principally used by retail | D64: £m | E64: Price Review 2019
A65: HDD | B65: R40008 | C65: Expenditure - Services to developers (retail) | D65: £m | E65: Price Review 2019
A66: HDD | B66: R40009 | C66: Expenditure - Miscellaneous costs | D66: £m | E66: Price Review 2019
A67: HDD | B67: R40010 | C67: Expenditure - Total business retail costs, less services to developers and miscellaneous costs | D67: £m | E67: Price Review 2019 | F67: 0 | G67: 0 | H67: 0 | I67: 0 | J67: 0 | K67: 0 | L67: 0 | M67: 0 | N67: 0 | O67: 0 | P67: 0 | Q67: 0 | R67: 0
A68: HDD | B68: R40015 | C68: Customer numbers - Businesses connected | D68: 000s | E68: Price Review 2019 | F68: 0 | G68: 0 | H68: 0 | I68: 0 | J68: 0 | K68: 0 | L68: 0 | M68: 0 | N68: 0 | O68: 0 | P68: 0 | Q68: 0 | R68: 0
A69: HDD | B69: R4001W | C69: Expenditure - Total operating expenditure | D69: £m | E69: Price Review 2019 | F69: 0.38788622 | G69: 0.39940827 | H69: 0.40739212 | I69: 0.41183134 | J69: 0.42083725 | K69: 0.43719834 | L69: 0.45260603 | M69: 0.46777015 | N69: 0.41855046 | O69: 0.42539994 | P69: 0.42472752 | Q69: 0.43561297 | R69: 0.44214102
A70: HDD | B70: R4002W | C70: Expenditure - Total depreciation on assets existing at 31 March 2015 | D70: £m | E70: Price Review 2019 | F70: 0 | G70: 0 | H70: 0 | I70: 0 | J70: 0 | K70: 0 | L70: 0 | M70: 0 | N70: 0 | O70: 0 | P70: 0 | Q70: 0 | R70: 0
A71: HDD | B71: R40003W | C71: Expenditure - Total depreciation on assets acquired between 1 April 2015 and 31 March 2020 | D71: £m | E71: Price Review 2019 | I71: 0 | J71: 0 | K71: 0 | L71: 0 | M71: 0 | N71: 0 | O71: 0 | P71: 0 | Q71: 0 | R71: 0
A72: HDD | B72: R40004W | C72: Expenditure - Total depreciation on assets acquired after 1 April 2020 | D72: £m | E72: Price Review 2019 | N72: 0 | O72: 0 | P72: 0 | Q72: 0 | R72: 0
A73: HDD | B73: R40005W | C73: Expenditure - Pension deficit repair costs | D73: £m | E73: Price Review 2019 | F73: 0 | G73: 0 | H73: 0 | I73: 0.0057557048 | J73: 0.0058347141 | K73: 0.005988423 | L73: 0 | M73: 0 | N73: 0 | O73: 0 | P73: 0 | Q73: 0 | R73: 0
A74: HDD | B74: R40006W | C74: Expenditure - Total business retail costs (opex plus depreciation, excluding financing costs) | D74: £m | E74: Price Review 2019 | F74: 0.38788622 | G74: 0.39940827 | H74: 0.40739212 | I74: 0.41758704 | J74: 0.42667197 | K74: 0.44318676 | L74: 0.45260603 | M74: 0.46777015 | N74: 0.41855046 | O74: 0.42539994 | P74: 0.42472752 | Q74: 0.43561297 | R74: 0.44214102
A75: HDD | B75: R40007W | C75: Expenditure - Capital expenditure on assets principally used by retail | D75: £m | E75: Price Review 2019 | F75: 0 | G75: 0 | H75: 0 | I75: 0 | J75: 0 | K75: 0 | L75: 0 | M75: 0 | N75: 0 | O75: 0 | P75: 0 | Q75: 0 | R75: 0
A76: HDD | B76: R40008W | C76: Expenditure - Services to developers (retail) | D76: £m | E76: Price Review 2019 | F76: 0.024237129 | G76: 0.024957086 | H76: 0.025455958 | I76: 0.025733343 | J76: 0.026296079 | K76: 0.027318404 | L76: 0.028281156 | M76: 0.027956203 | N76: 0.028443028 | O76: 0.028955954 | P76: 0.029495954 | Q76: 0.030066597 | R76: 0.030660799
A77: HDD | B77: R40009W | C77: Expenditure - Miscellaneous costs | D77: £m | E77: Price Review 2019 | F77: 0 | G77: 0 | H77: 0 | I77: 0 | J77: 0 | K77: 0 | L77: 0 | M77: 0 | N77: 0 | O77: 0 | P77: 0 | Q77: 0 | R77: 0
A78: HDD | B78: R40010W | C78: Expenditure - Total business retail costs, less services to developers and miscellaneous costs | D78: £m | E78: Price Review 2019 | F78: 0.36364909 | G78: 0.37445118 | H78: 0.38193616 | I78: 0.3918537 | J78: 0.40037589 | K78: 0.41586835 | L78: 0.42432488 | M78: 0.43981394 | N78: 0.39010743 | O78: 0.39644399 | P78: 0.39523156 | Q78: 0.40554637 | R78: 0.41148022
A79: HDD | B79: R40015W | C79: Customer numbers - Businesses connected | D79: 000s | E79: Price Review 2019 | F79: 7691 | G79: 7673 | H79: 7678 | I79: 7663 | J79: 8398 | K79: 7971 | L79: 7990 | M79: 8008 | N79: 8029 | O79: 8056 | P79: 8090 | Q79: 8122 | R79: 8157
A80: HDD | B80: R4034_B1W | C80: Tariff Band 1 - Retail cost per customer ~ Tariff Band 1 | D80: £ | E80: Price Review 2019 | F80: 0 | G80: 0 | H80: 0 | I80: 0 | J80: 0 | K80: 47.04 | L80: 50.84 | M80: 52.63 | N80: 47.04 | O80: 47.68 | P80: 47.37 | Q80: 48.44 | R80: 48.98
A81: HDD | B81: R4034_B2W | C81: Tariff Band 2 - Retail cost per customer ~ Tariff Band 2 | D81: £ | E81: Price Review 2019 | F81: 0 | G81: 0 | H81: 0 | I81: 0 | J81: 0 | K81: 173.11 | L81: 182.2 | M81: 189.37 | N81: 162.99 | O81: 166.37 | P81: 167.18 | Q81: 172.13 | R81: 175.12
A82: HDD | B82: R4034_B3W | C82: Tariff Band 3 - Retail cost per customer ~ Tariff Band 3 | D82: £ | E82: Price Review 2019 | F82: 0 | G82: 0 | H82: 0 | I82: 0 | J82: 0 | K82: 1503.02 | L82: 1000.15 | M82: 962.81 | N82: 768.25 | O82: 787.99 | P82: 810.54 | Q82: 843.68 | R82: 864.45
A83: HDD | B83: R4034_B4W | C83: Tariff Band 4 - Retail cost per customer ~ Tariff Band 4 | D83: £ | E83: Price Review 2019 | F83: 0 | G83: 0 | H83: 0 | I83: 0 | J83: 0 | K83: 53.86 | L83: 46.99 | M83: 48.15 | N83: 42.7 | O83: 42.79 | P83: 41.59 | Q83: 42.08 | R83: 42.02
A84: HDD | B84: R4034_B5W | C84: Tariff Band 5 - Retail cost per customer ~ Tariff Band 5 | D84: £ | E84: Price Review 2019 | F84: 0 | G84: 0 | H84: 0 | I84: 0 | J84: 0 | K84: 234.6 | L84: 199.16 | M84: 206.35 | N84: 172.69 | O84: 176.54 | P84: 180.08 | Q84: 186.17 | R84: 189.91
... A89: HDD | B89: R4034_B10W | C89: Tariff Band 10 - Retail cost per customer ~ Tariff Band 10 | D89: £ | E89: Price Review 2019 | F89: 0 | G89: 0 | H89: 0 | I89: 0 | J89: 0 | K89: 0 | L89: 0 | M89: 0 | N89: 0 | O89: 0 | P89: 0 | Q89: 0 | R89: 0
A90: HDD | B90: R4034_B1 | C90: Tariff Band 1 - Retail cost per customer ~ Tariff Band 1 | D90: £ | E90: Price Review 2019
A91: HDD | B91: R4034_B2 | C91: Tariff Band 2 - Retail cost per customer ~ Tariff Band 2 | D91: £ | E91: Price Review 2019
A92: HDD | B92: R4034_B3 | C92: Tariff Band 3 - Retail cost per customer ~ Tariff Band 3 | D92: £ | E92: Price Review 2019
A93: HDD | B93: R4034_B4 | C93: Tariff Band 4 - Retail cost per customer ~ Tariff Band 4 | D93: £ | E93: Price Review 2019
A94: HDD | B94: R4034_B5 | C94: Tariff Band 5 - Retail cost per customer ~ Tariff Band 5 | D94: £ | E94: Price Review 2019
A95: HDD | B95: R4034_B6 | C95: Tariff Band 6 - Retail cost per customer ~ Tariff Band 6 | D95: £ | E95: Price Review 2019
A96: HDD | B96: R4034_B7 | C96: Tariff Band 7 - Retail cost per customer ~ Tariff Band 7 | D96: £ | E96: Price Review 2019
A97: HDD | B97: R4034_B8 | C97: Tariff Band 8 - Retail cost per customer ~ Tariff Band 8 | D97: £ | E97: Price Review 2019
A98: HDD | B98: R4034_B9 | C98: Tariff Band 9 - Retail cost per customer ~ Tariff Band 9 | D98: £ | E98: Price Review 2019
A99: HDD | B99: R4034_B10 | C99: Tariff Band 10 - Retail cost per customer ~ Tariff Band 10 | D99: £ | E99: Price Review 2019
A100: HDD | B100: PR19INF0002AL | C100: Consumer price index (including housing costs) - Consumer Price Index (with housing) for April | D100: nr | E100: Price Review 2019 | F100: 95.9 | G100: 98 | H100: 99.6 | I100: 99.9 | J100: 100.6 | K100: 103.2 | L100: 105.5 | M100: 107.6 | N100: 109.70335 | O100: 111.89742 | P100: 114.17266 | Q100: 116.57028 | R100: 119.01826
A101: HDD | B101: PR19INF0002MY | C101: Consumer price index (including housing costs) - Consumer Price Index (with housing) for May | D101: nr | E101: Price Review 2019 | F101: 95.9 | G101: 98.2 | H101: 99.6 | I101: 100.1 | J101: 100.8 | K101: 103.5 | L101: 105.9 | M101: 107.9 | N101: 109.88454 | O101: 112.08223 | P101: 114.37056 | Q101: 116.77234 | R101: 119.22456
A102: HDD | B102: PR19INF0002JN | C102: Consumer price index (including housing costs) - Consumer Price Index (with housing) for June | D102: nr | E102: Price Review 2019 | F102: 95.6 | G102: 98 | H102: 99.8 | I102: 100.1 | J102: 101 | K102: 103.5 | L102: 105.9 | M102: 107.9 | N102: 110.06602 | O102: 112.26734 | P102: 114.56881 | Q102: 116.97475 | R102: 119.43122
A103: HDD | B103: PR19INF0002JL | C103: Consumer price index (including housing costs) - Consumer Price Index (with housing) for July | D103: nr | E103: Price Review 2019 | F103: 95.7 | G103: 98 | H103: 99.6 | I103: 100 | J103: 100.9 | K103: 103.5 | L103: 105.9 | M103: 108 | N103: 110.2478 | O103: 112.45276 | P103: 114.7674 | Q103: 117.17752 | R103: 119.63824
A104: HDD | B104: PR19INF0002AT | C104: Consumer price index (including housing costs) - Consumer Price Index (with housing) for August | D104: nr | E104: Price Review 2019 | F104: 96.1 | G104: 98.4 | H104: 99.9 | I104: 100.3 | J104: 101.2 | K104: 104 | L104: 106.5 | M104: 108.3 | N104: 110.42989 | O104: 112.63849 | P104: 114.96634 | Q104: 117.38063 | R104: 119.84562
A105: HDD | B105: PR19INF0002SR | C105: Consumer price index (including housing costs) - Consumer Price Index (with housing) for September | D105: nr | E105: Price Review 2019 | F105: 96.4 | G105: 98.7 | H105: 100 | I105: 100.2 | J105: 101.5 | K105: 104.3 | L105: 106.6 | M105: 108.47 | N105: 110.61227 | O105: 112.82452 | P105: 115.16562 | Q105: 117.58409 | R105: 120.05336
A106: HDD | B106: PR19INF0002OR | C106: Consumer price index (including housing costs) - Consumer Price Index (with housing) for October | D106: nr | E106: Price Review 2019 | F106: 96.8 | G106: 98.8 | H106: 100.1 | I106: 100.3 | J106: 101.6 | K106: 104.4 | L106: 106.7 | M106: 108.64027 | N106: 110.79496 | O106: 113.01086 | P106: 115.36524 | Q106: 117.78791 | R106: 120.26146
A107: HDD | B107: PR19INF0002NR | C107: Consumer price index (including housing costs) - Consumer Price Index (with housing) for November | D107: nr | E107: Price Review 2019 | F107: 97 | G107: 98.8 | H107: 99.9 | I107: 100.3 | J107: 101.8 | K107: 104.7 | L107: 106.9 | M107: 108.8108 | N107: 110.97794 | O107: 113.1975 | P107: 115.56521 | Q107: 117.99208 | R107: 120.46992
A108: HDD | B108: PR19INF0002DR | C108: Consumer price index (including housing costs) - Consumer Price Index (with housing) for December | D108: nr | E108: Price Review 2019 | F108: 97.3 | G108: 99.2 | H108: 99.9 | I108: 100.4 | J108: 102.2 | K108: 105 | L108: 107.1 | M108: 108.9816 | N108: 111.16123 | O108: 113.38446 | P108: 115.76553 | Q108: 118.19661 | R108: 120.67874
A109: HDD | B109: PR19INF0002JY | C109: Consumer price index (including housing costs) - Consumer Price Index (with housing) for January | D109: nr | E109: Price Review 2019 | F109: 97 | G109: 98.7 | H109: 99.2 | I109: 99.9 | J109: 101.8 | K109: 104.5 | L109: 106.4 | M109: 109.16159 | N109: 111.34483 | O109: 113.581 | P109: 115.9662 | Q109: 118.40149 | R109: 120.88792
...

Sheet CPIH Adjustment
A1: CPIH adjustment factors
B3: Calculated financial year CPIH, base year 2017/18
C4: HDD | D4: WSH
B5: 2017-18 | C5: 100 | D5: 100
B6: 2018-19 | C6: 102.1251 | D6: 102.12698
B7: 2019-20 | C7: 103.90494 | D7: 104.47617
B8: 2020-21 | C8: 105.48009 | D8: 107.05909
B9: 2021-22 | C9: 107.25569 | D9: 109.20014
B10: 2022-23 | C10: 109.19268 | D10: 111.38422
B11: 2023-24 | C11: 111.29258 | D11: 113.61171
B12: 2024-25 | C12: 113.46971 | D12: 115.88398
B14: CPIH adjuster to convert 2020-21 to 2024-25 prices into 2017-18 prices
C15: HDD | D15: WSH
B16: 2020-21 | C16: =C$5/C8 -> 0.94804622 | D16: =D$5/D8 -> 0.93406359
B17: 2021-22 | C17: =C$5/C9 -> 0.93235143 | D17: =D$5/D9 -> 0.91574971
B18: 2022-23 | C18: =C$5/C10 -> 0.91581231 | D18: =D$5/D10 -> 0.89779328
B19: 2023-24 | C19: =C$5/C11 -> 0.89853246 | D19: =D$5/D11 -> 0.88019099
B20: 2024-25 | C20: =C$5/C12 -> 0.88129245 | D20: =D$5/D12 -> 0.86293208
C33: `

Sheet Calculation>>

Sheet Cost per tariff category
A1: Submitted and allowed cost per tariff category, by company
A2: All prices are in nominal terms
B4: Key
C5: Tariffs with an intervention for efficiency challenge
C6: Tariffs with no intervention
C7: Tariffs with intervention
C8: Tariff categories with no data
A10: HDD Water and Wastewater Costs
C12: Company | D12: Tariff band | E12: Reference | F12: Item description | G12: Unit | H12: 2012-13 | I12: 2013-14 | J12: 2014-15 | K12: 2015-16 | L12: 2016-17 | M12: 2017-18 | N12: 2018-19 | O12: 2019-20 | P12: 2020-21 | Q12: 2021-22 | R12: 2022-23 | S12: 2023-24 | T12: 2024-25
B13: Submitted costs and Final allowance | C13: HDD | D13: 1 | E13: R4034_B1W | F13: Retail cost per customer - water: unmetered and 0-5 ml | G13: £ | H13: {=INDEX(Inputs!$F$4:$R$111,MATCH('Cost per tariff category'!$C13 & 'Cost per tariff category'!$E13,Inputs!$A$4:$A$111 & Inputs!$B$4:$B$111,0),MATCH('Cost per tariff category'!H$12,Inputs!$F$2:$R$2,0))} -> 0 | I13: {=INDEX(Inputs!$F$4:$R$111,MATCH('Cost per tariff category'!$C13 & 'Cost per tariff category'!$E13,Inputs!$A$4:$A$111 & Inputs!$B$4:$B$111,0),MATCH('Cost per tariff category'!I$12,Inputs!$F$2:$R$2,0))} -> 0 | J13: {=INDEX(Inputs!$F$4:$R$111,MATCH('Cost per tariff category'!$C13 & 'Cost per tariff category'!$E13,Inputs!$A$4:$A$111 & Inputs!$B$4:$B$111,0),MATCH('Cost per tariff category'!J$12,Inputs!$F$2:$R$2,0))} -> 0 | K13: {=INDEX(Inputs!$F$4:$R$111,MATCH('Cost per tariff category'!$C13 & 'Cost per tariff category'!$E13,Inputs!$A$4:$A$111 & Inputs!$B$4:$B$111,0),MATCH('Cost per tariff category'!K$12,Inputs!$F$2:$R$2,0))} -> 0 | L13: {=INDEX(Inputs!$F$4:$R$111,MATCH('Cost per tariff category'!$C13 & 'Cost per tariff category'!$E13,Inputs!$A$4:$A$111 & Inputs!$B$4:$B$111,0),MATCH('Cost per tariff category'!L$12,Inputs!$F$2:$R$2,0))} -> 0 | M13: {=INDEX(Inputs!$F$4:$R$111,MATCH('Cost per tariff category'!$C13 & 'Cost per tariff category'!$E13,Inputs!$A$4:$A$111 & Inputs!$B$4:$B$111,0),MATCH('Cost per tariff category'!M$12,Inputs!$F$2:$R$2,0))} -> 47.04 | N13: {=INDEX(Inputs!$F$4:$R$111,MATCH('Cost per tariff category'!$C13 & 'Cost per tariff category'!$E13,Inputs!$A$4:$A$111 & Inputs!$B$4:$B$111,0),MATCH('Cost per tariff category'!N$12,Inputs!$F$2:$R$2,0))} -> 50.84 | O13: {=INDEX(Inputs!$F$4:$R$111,MATCH('Cost per tariff category'!$C13 & 'Cost per tariff category'!$E13,Inputs!$A$4:$A$111 & Inputs!$B$4:$B$111,0),MATCH('Cost per tariff category'!O$12,Inputs!$F$2:$R$2,0))} -> 52.63 | ... T13: {=INDEX(Inputs!$F$4:$R$111,MATCH('Cost per tariff category'!$C13 & 'Cost per tariff category'!$E13,Inputs!$A$4:$A$111 & Inputs!$B$4:$B$111,0),MATCH('Cost per tariff category'!T$12,Inputs!$F$2:$R$2,0))} -> 48.98
C14: HDD | D14: 2 | E14: R4034_B2W | F14: Retail cost per customer - water: 5-50 ml | G14: £ | H14: {=INDEX(Inputs!$F$4:$R$111,MATCH('Cost per tariff category'!$C14 & 'Cost per tariff category'!$E14,Inputs!$A$4:$A$111 & Inputs!$B$4:$B$111,0),MATCH('Cost per tariff category'!H$12,Inputs!$F$2:$R$2,0))} -> 0 | I14: {=INDEX(Inputs!$F$4:$R$111,MATCH('Cost per tariff category'!$C14 & 'Cost per tariff category'!$E14,Inputs!$A$4:$A$111 & Inputs!$B$4:$B$111,0),MATCH('Cost per tariff category'!I$12,Inputs!$F$2:$R$2,0))} -> 0 | J14: {=INDEX(Inputs!$F$4:$R$111,MATCH('Cost per tariff category'!$C14 & 'Cost per tariff category'!$E14,Inputs!$A$4:$A$111 & Inputs!$B$4:$B$111,0),MATCH('Cost per tariff category'!J$12,Inputs!$F$2:$R$2,0))} -> 0 | K14: {=INDEX(Inputs!$F$4:$R$111,MATCH('Cost per tariff category'!$C14 & 'Cost per tariff category'!$E14,Inputs!$A$4:$A$111 & Inputs!$B$4:$B$111,0),MATCH('Cost per tariff category'!K$12,Inputs!$F$2:$R$2,0))} -> 0 | L14: {=INDEX(Inputs!$F$4:$R$111,MATCH('Cost per tariff category'!$C14 & 'Cost per tariff category'!$E14,Inputs!$A$4:$A$111 & Inputs!$B$4:$B$111,0),MATCH('Cost per tariff category'!L$12,Inputs!$F$2:$R$2,0))} -> 0 | M14: {=INDEX(Inputs!$F$4:$R$111,MATCH('Cost per tariff category'!$C14 & 'Cost per tariff category'!$E14,Inputs!$A$4:$A$111 & Inputs!$B$4:$B$111,0),MATCH('Cost per tariff category'!M$12,Inputs!$F$2:$R$2,0))} -> 173.11 | N14: {=INDEX(Inputs!$F$4:$R$111,MATCH('Cost per tariff category'!$C14 & 'Cost per tariff category'!$E14,Inputs!$A$4:$A$111 & Inputs!$B$4:$B$111,0),MATCH('Cost per tariff category'!N$12,Inputs!$F$2:$R$2,0))} -> 182.2 | O14: {=INDEX(Inputs!$F$4:$R$111,MATCH('Cost per tariff category'!$C14 & 'Cost per tariff category'!$E14,Inputs!$A$4:$A$111 & Inputs!$B$4:$B$111,0),MATCH('Cost per tariff category'!O$12,Inputs!$F$2:$R$2,0))} -> 189.37 | ... T14: {=INDEX(Inputs!$F$4:$R$111,MATCH('Cost per tariff category'!$C14 & 'Cost per tariff category'!$E14,Inputs!$A$4:$A$111 & Inputs!$B$4:$B$111,0),MATCH('Cost per tariff category'!T$12,Inputs!$F$2:$R$2,0))} -> 175.12
C15: HDD | D15: 3 | E15: R4034_B3W | F15: Retail cost per customer - water: >50ml | G15: £ | H15: {=INDEX(Inputs!$F$4:$R$111,MATCH('Cost per tariff category'!$C15 & 'Cost per tariff category'!$E15,Inputs!$A$4:$A$111 & Inputs!$B$4:$B$111,0),MATCH('Cost per tariff category'!H$12,Inputs!$F$2:$R$2,0))} -> 0 | I15: {=INDEX(Inputs!$F$4:$R$111,MATCH('Cost per tariff category'!$C15 & 'Cost per tariff category'!$E15,Inputs!$A$4:$A$111 & Inputs!$B$4:$B$111,0),MATCH('Cost per tariff category'!I$12,Inputs!$F$2:$R$2,0))} -> 0 | J15: {=INDEX(Inputs!$F$4:$R$111,MATCH('Cost per tariff category'!$C15 & 'Cost per tariff category'!$E15,Inputs!$A$4:$A$111 & Inputs!$B$4:$B$111,0),MATCH('Cost per tariff category'!J$12,Inputs!$F$2:$R$2,0))} -> 0 | K15: {=INDEX(Inputs!$F$4:$R$111,MATCH('Cost per tariff category'!$C15 & 'Cost per tariff category'!$E15,Inputs!$A$4:$A$111 & Inputs!$B$4:$B$111,0),MATCH('Cost per tariff category'!K$12,Inputs!$F$2:$R$2,0))} -> 0 | L15: {=INDEX(Inputs!$F$4:$R$111,MATCH('Cost per tariff category'!$C15 & 'Cost per tariff category'!$E15,Inputs!$A$4:$A$111 & Inputs!$B$4:$B$111,0),MATCH('Cost per tariff category'!L$12,Inputs!$F$2:$R$2,0))} -> 0 | M15: {=INDEX(Inputs!$F$4:$R$111,MATCH('Cost per tariff category'!$C15 & 'Cost per tariff category'!$E15,Inputs!$A$4:$A$111 & Inputs!$B$4:$B$111,0),MATCH('Cost per tariff category'!M$12,Inputs!$F$2:$R$2,0))} -> 1503.02 | N15: {=INDEX(Inputs!$F$4:$R$111,MATCH('Cost per tariff category'!$C15 & 'Cost per tariff category'!$E15,Inputs!$A$4:$A$111 & Inputs!$B$4:$B$111,0),MATCH('Cost per tariff category'!N$12,Inputs!$F$2:$R$2,0))} -> 1000.15 | O15: {=INDEX(Inputs!$F$4:$R$111,MATCH('Cost per tariff category'!$C15 & 'Cost per tariff category'!$E15,Inputs!$A$4:$A$111 & Inputs!$B$4:$B$111,0),MATCH('Cost per tariff category'!O$12,Inputs!$F$2:$R$2,0))} -> 962.81 | ... T15: {=INDEX(Inputs!$F$4:$R$111,MATCH('Cost per tariff category'!$C15 & 'Cost per tariff category'!$E15,Inputs!$A$4:$A$111 & Inputs!$B$4:$B$111,0),MATCH('Cost per tariff category'!T$12,Inputs!$F$2:$R$2,0))} -> 864.45
C16: HDD | D16: 4 | E16: R4034_B4W | F16: Retail cost per customer - wastewater: unmetered and 0-5 ml | G16: £ | H16: {=INDEX(Inputs!$F$4:$R$111,MATCH('Cost per tariff category'!$C16 & 'Cost per tariff category'!$E16,Inputs!$A$4:$A$111 & Inputs!$B$4:$B$111,0),MATCH('Cost per tariff category'!H$12,Inputs!$F$2:$R$2,0))} -> 0 | I16: {=INDEX(Inputs!$F$4:$R$111,MATCH('Cost per tariff category'!$C16 & 'Cost per tariff category'!$E16,Inputs!$A$4:$A$111 & Inputs!$B$4:$B$111,0),MATCH('Cost per tariff category'!I$12,Inputs!$F$2:$R$2,0))} -> 0 | J16: {=INDEX(Inputs!$F$4:$R$111,MATCH('Cost per tariff category'!$C16 & 'Cost per tariff category'!$E16,Inputs!$A$4:$A$111 & Inputs!$B$4:$B$111,0),MATCH('Cost per tariff category'!J$12,Inputs!$F$2:$R$2,0))} -> 0 | K16: {=INDEX(Inputs!$F$4:$R$111,MATCH('Cost per tariff category'!$C16 & 'Cost per tariff category'!$E16,Inputs!$A$4:$A$111 & Inputs!$B$4:$B$111,0),MATCH('Cost per tariff category'!K$12,Inputs!$F$2:$R$2,0))} -> 0 | L16: {=INDEX(Inputs!$F$4:$R$111,MATCH('Cost per tariff category'!$C16 & 'Cost per tariff category'!$E16,Inputs!$A$4:$A$111 & Inputs!$B$4:$B$111,0),MATCH('Cost per tariff category'!L$12,Inputs!$F$2:$R$2,0))} -> 0 | M16: {=INDEX(Inputs!$F$4:$R$111,MATCH('Cost per tariff category'!$C16 & 'Cost per tariff category'!$E16,Inputs!$A$4:$A$111 & Inputs!$B$4:$B$111,0),MATCH('Cost per tariff category'!M$12,Inputs!$F$2:$R$2,0))} -> 53.86 | N16: {=INDEX(Inputs!$F$4:$R$111,MATCH('Cost per tariff category'!$C16 & 'Cost per tariff category'!$E16,Inputs!$A$4:$A$111 & Inputs!$B$4:$B$111,0),MATCH('Cost per tariff category'!N$12,Inputs!$F$2:$R$2,0))} -> 46.99 | O16: {=INDEX(Inputs!$F$4:$R$111,MATCH('Cost per tariff category'!$C16 & 'Cost per tariff category'!$E16,Inputs!$A$4:$A$111 & Inputs!$B$4:$B$111,0),MATCH('Cost per tariff category'!O$12,Inputs!$F$2:$R$2,0))} -> 48.15 | ... T16: {=INDEX(Inputs!$F$4:$R$111,MATCH('Cost per tariff category'!$C16 & 'Cost per tariff category'!$E16,Inputs!$A$4:$A$111 & Inputs!$B$4:$B$111,0),MATCH('Cost per tariff category'!T$12,Inputs!$F$2:$R$2,0))} -> 42.02
C17: HDD | D17: 5 | E17: R4034_B5W | F17: Retail cost per customer - wastewater: 5-50 ml | G17: £ | H17: {=INDEX(Inputs!$F$4:$R$111,MATCH('Cost per tariff category'!$C17 & 'Cost per tariff category'!$E17,Inputs!$A$4:$A$111 & Inputs!$B$4:$B$111,0),MATCH('Cost per tariff category'!H$12,Inputs!$F$2:$R$2,0))} -> 0 | I17: {=INDEX(Inputs!$F$4:$R$111,MATCH('Cost per tariff category'!$C17 & 'Cost per tariff category'!$E17,Inputs!$A$4:$A$111 & Inputs!$B$4:$B$111,0),MATCH('Cost per tariff category'!I$12,Inputs!$F$2:$R$2,0))} -> 0 | J17: {=INDEX(Inputs!$F$4:$R$111,MATCH('Cost per tariff category'!$C17 & 'Cost per tariff category'!$E17,Inputs!$A$4:$A$111 & Inputs!$B$4:$B$111,0),MATCH('Cost per tariff category'!J$12,Inputs!$F$2:$R$2,0))} -> 0 | K17: {=INDEX(Inputs!$F$4:$R$111,MATCH('Cost per tariff category'!$C17 & 'Cost per tariff category'!$E17,Inputs!$A$4:$A$111 & Inputs!$B$4:$B$111,0),MATCH('Cost per tariff category'!K$12,Inputs!$F$2:$R$2,0))} -> 0 | L17: {=INDEX(Inputs!$F$4:$R$111,MATCH('Cost per tariff category'!$C17 & 'Cost per tariff category'!$E17,Inputs!$A$4:$A$111 & Inputs!$B$4:$B$111,0),MATCH('Cost per tariff category'!L$12,Inputs!$F$2:$R$2,0))} -> 0 | M17: {=INDEX(Inputs!$F$4:$R$111,MATCH('Cost per tariff category'!$C17 & 'Cost per tariff category'!$E17,Inputs!$A$4:$A$111 & Inputs!$B$4:$B$111,0),MATCH('Cost per tariff category'!M$12,Inputs!$F$2:$R$2,0))} -> 234.6 | N17: {=INDEX(Inputs!$F$4:$R$111,MATCH('Cost per tariff category'!$C17 & 'Cost per tariff category'!$E17,Inputs!$A$4:$A$111 & Inputs!$B$4:$B$111,0),MATCH('Cost per tariff category'!N$12,Inputs!$F$2:$R$2,0))} -> 199.16 | O17: {=INDEX(Inputs!$F$4:$R$111,MATCH('Cost per tariff category'!$C17 & 'Cost per tariff category'!$E17,Inputs!$A$4:$A$111 & Inputs!$B$4:$B$111,0),MATCH('Cost per tariff category'!O$12,Inputs!$F$2:$R$2,0))} -> 206.35 | ... T17: {=INDEX(Inputs!$F$4:$R$111,MATCH('Cost per tariff category'!$C17 & 'Cost per tariff category'!$E17,Inputs!$A$4:$A$111 & Inputs!$B$4:$B$111,0),MATCH('Cost per tariff category'!T$12,Inputs!$F$2:$R$2,0))} -> 189.91
C18: HDD | D18: 6 | E18: R4034_B6W | F18: Retail cost per customer - wastewater: >50ml | G18: £ | H18: {=INDEX(Inputs!$F$4:$R$111,MATCH('Cost per tariff category'!$C18 & 'Cost per tariff category'!$E18,Inputs!$A$4:$A$111 & Inputs!$B$4:$B$111,0),MATCH('Cost per tariff category'!H$12,Inputs!$F$2:$R$2,0))} -> 0 | I18: {=INDEX(Inputs!$F$4:$R$111,MATCH('Cost per tariff category'!$C18 & 'Cost per tariff category'!$E18,Inputs!$A$4:$A$111 & Inputs!$B$4:$B$111,0),MATCH('Cost per tariff category'!I$12,Inputs!$F$2:$R$2,0))} -> 0 | J18: {=INDEX(Inputs!$F$4:$R$111,MATCH('Cost per tariff category'!$C18 & 'Cost per tariff category'!$E18,Inputs!$A$4:$A$111 & Inputs!$B$4:$B$111,0),MATCH('Cost per tariff category'!J$12,Inputs!$F$2:$R$2,0))} -> 0 | K18: {=INDEX(Inputs!$F$4:$R$111,MATCH('Cost per tariff category'!$C18 & 'Cost per tariff category'!$E18,Inputs!$A$4:$A$111 & Inputs!$B$4:$B$111,0),MATCH('Cost per tariff category'!K$12,Inputs!$F$2:$R$2,0))} -> 0 | L18: {=INDEX(Inputs!$F$4:$R$111,MATCH('Cost per tariff category'!$C18 & 'Cost per tariff category'!$E18,Inputs!$A$4:$A$111 & Inputs!$B$4:$B$111,0),MATCH('Cost per tariff category'!L$12,Inputs!$F$2:$R$2,0))} -> 0 | M18: {=INDEX(Inputs!$F$4:$R$111,MATCH('Cost per tariff category'!$C18 & 'Cost per tariff category'!$E18,Inputs!$A$4:$A$111 & Inputs!$B$4:$B$111,0),MATCH('Cost per tariff category'!M$12,Inputs!$F$2:$R$2,0))} -> 37.85 | N18: {=INDEX(Inputs!$F$4:$R$111,MATCH('Cost per tariff category'!$C18 & 'Cost per tariff category'!$E18,Inputs!$A$4:$A$111 & Inputs!$B$4:$B$111,0),MATCH('Cost per tariff category'!N$12,Inputs!$F$2:$R$2,0))} -> 59.74 | O18: {=INDEX(Inputs!$F$4:$R$111,MATCH('Cost per tariff category'!$C18 & 'Cost per tariff category'!$E18,Inputs!$A$4:$A$111 & Inputs!$B$4:$B$111,0),MATCH('Cost per tariff category'!O$12,Inputs!$F$2:$R$2,0))} -> 62.49 | ... T18: {=INDEX(Inputs!$F$4:$R$111,MATCH('Cost per tariff category'!$C18 & 'Cost per tariff category'!$E18,Inputs!$A$4:$A$111 & Inputs!$B$4:$B$111,0),MATCH('Cost per tariff category'!T$12,Inputs!$F$2:$R$2,0))} -> 59.82
C19: HDD | D19: 7 | E19: R4034_B7W | G19: £
C20: HDD | D20: 8 | E20: R4034_B8W | G20: £
C21: HDD | D21: 9 | E21: R4034_B9W | G21: £
C22: HDD | D22: 10 | E22: R4034_B10W | G22: £
A24: WSH Water and Wastewater Costs
B26: Submitted costs and Final allowance | C26: WSH | D26: 1 | E26: R4034_B1W | F26: Retail cost per customer - water <50ml | G26: £ | H26: {=INDEX(Inputs!$F$4:$R$111,MATCH('Cost per tariff category'!$C26 & 'Cost per tariff category'!$E26,Inputs!$A$4:$A$111 & Inputs!$B$4:$B$111,0),MATCH('Cost per tariff category'!H$12,Inputs!$F$2:$R$2,0))} -> 30.66 | I26: {=INDEX(Inputs!$F$4:$R$111,MATCH('Cost per tariff category'!$C26 & 'Cost per tariff category'!$E26,Inputs!$A$4:$A$111 & Inputs!$B$4:$B$111,0),MATCH('Cost per tariff category'!I$12,Inputs!$F$2:$R$2,0))} -> 32.2 | J26: {=INDEX(Inputs!$F$4:$R$111,MATCH('Cost per tariff category'!$C26 & 'Cost per tariff category'!$E26,Inputs!$A$4:$A$111 & Inputs!$B$4:$B$111,0),MATCH('Cost per tariff category'!J$12,Inputs!$F$2:$R$2,0))} -> 33.36 | K26: {=INDEX(Inputs!$F$4:$R$111,MATCH('Cost per tariff category'!$C26 & 'Cost per tariff category'!$E26,Inputs!$A$4:$A$111 & Inputs!$B$4:$B$111,0),MATCH('Cost per tariff category'!K$12,Inputs!$F$2:$R$2,0))} -> 32.49 | L26: {=INDEX(Inputs!$F$4:$R$111,MATCH('Cost per tariff category'!$C26 & 'Cost per tariff category'!$E26,Inputs!$A$4:$A$111 & Inputs!$B$4:$B$111,0),MATCH('Cost per tariff category'!L$12,Inputs!$F$2:$R$2,0))} -> 28.45 | M26: {=INDEX(Inputs!$F$4:$R$111,MATCH('Cost per tariff category'!$C26 & 'Cost per tariff category'!$E26,Inputs!$A$4:$A$111 & Inputs!$B$4:$B$111,0),MATCH('Cost per tariff category'!M$12,Inputs!$F$2:$R$2,0))} -> 28.61 | N26: {=INDEX(Inputs!$F$4:$R$111,MATCH('Cost per tariff category'!$C26 & 'Cost per tariff category'!$E26,Inputs!$A$4:$A$111 & Inputs!$B$4:$B$111,0),MATCH('Cost per tariff category'!N$12,Inputs!$F$2:$R$2,0))} -> 31.79 | O26: {=INDEX(Inputs!$F$4:$R$111,MATCH('Cost per tariff category'!$C26 & 'Cost per tariff category'!$E26,Inputs!$A$4:$A$111 & Inputs!$B$4:$B$111,0),MATCH('Cost per tariff category'!O$12,Inputs!$F$2:$R$2,0))} -> 30.93 | ... T26: {=INDEX(Inputs!$F$4:$R$111,MATCH('Cost per tariff category'!$C26 & 'Cost per tariff category'!$E26,Inputs!$A$4:$A$111 & Inputs!$B$4:$B$111,0),MATCH('Cost per tariff category'!T$12,Inputs!$F$2:$R$2,0))} -> 30.4
C27: WSH | D27: 2 | E27: R4034_B2W | F27: Retail cost per customer - water >50ml | G27: £ | H27: {=INDEX(Inputs!$F$4:$R$111,MATCH('Cost per tariff category'!$C27 & 'Cost per tariff category'!$E27,Inputs!$A$4:$A$111 & Inputs!$B$4:$B$111,0),MATCH('Cost per tariff category'!H$12,Inputs!$F$2:$R$2,0))} -> 184.95 | I27: {=INDEX(Inputs!$F$4:$R$111,MATCH('Cost per tariff category'!$C27 & 'Cost per tariff category'!$E27,Inputs!$A$4:$A$111 & Inputs!$B$4:$B$111,0),MATCH('Cost per tariff category'!I$12,Inputs!$F$2:$R$2,0))} -> 194.74 | J27: {=INDEX(Inputs!$F$4:$R$111,MATCH('Cost per tariff category'!$C27 & 'Cost per tariff category'!$E27,Inputs!$A$4:$A$111 & Inputs!$B$4:$B$111,0),MATCH('Cost per tariff category'!J$12,Inputs!$F$2:$R$2,0))} -> 201.03 | K27: {=INDEX(Inputs!$F$4:$R$111,MATCH('Cost per tariff category'!$C27 & 'Cost per tariff category'!$E27,Inputs!$A$4:$A$111 & Inputs!$B$4:$B$111,0),MATCH('Cost per tariff category'!K$12,Inputs!$F$2:$R$2,0))} -> 211.18 | L27: {=INDEX(Inputs!$F$4:$R$111,MATCH('Cost per tariff category'!$C27 & 'Cost per tariff category'!$E27,Inputs!$A$4:$A$111 & Inputs!$B$4:$B$111,0),MATCH('Cost per tariff category'!L$12,Inputs!$F$2:$R$2,0))} -> 183.01 | M27: {=INDEX(Inputs!$F$4:$R$111,MATCH('Cost per tariff category'!$C27 & 'Cost per tariff category'!$E27,Inputs!$A$4:$A$111 & Inputs!$B$4:$B$111,0),MATCH('Cost per tariff category'!M$12,Inputs!$F$2:$R$2,0))} -> 191.5 | N27: {=INDEX(Inputs!$F$4:$R$111,MATCH('Cost per tariff category'!$C27 & 'Cost per tariff category'!$E27,Inputs!$A$4:$A$111 & Inputs!$B$4:$B$111,0),MATCH('Cost per tariff category'!N$12,Inputs!$F$2:$R$2,0))} -> 220.16 | O27: {=INDEX(Inputs!$F$4:$R$111,MATCH('Cost per tariff category'!$C27 & 'Cost per tariff category'!$E27,Inputs!$A$4:$A$111 & Inputs!$B$4:$B$111,0),MATCH('Cost per tariff category'!O$12,Inputs!$F$2:$R$2,0))} -> 216.31 | ... T27: {=INDEX(Inputs!$F$4:$R$111,MATCH('Cost per tariff category'!$C27 & 'Cost per tariff category'!$E27,Inputs!$A$4:$A$111 & Inputs!$B$4:$B$111,0),MATCH('Cost per tariff category'!T$12,Inputs!$F$2:$R$2,0))} -> 257.19
C28: WSH | D28: 3 | E28: R4034_B3W | F28: Retail cost per customer - wastewater | G28: £ | H28: {=INDEX(Inputs!$F$4:$R$111,MATCH('Cost per tariff category'!$C28 & 'Cost per tariff category'!$E28,Inputs!$A$4:$A$111 & Inputs!$B$4:$B$111,0),MATCH('Cost per tariff category'!H$12,Inputs!$F$2:$R$2,0))} -> 39.3 | I28: {=INDEX(Inputs!$F$4:$R$111,MATCH('Cost per tariff category'!$C28 & 'Cost per tariff category'!$E28,Inputs!$A$4:$A$111 & Inputs!$B$4:$B$111,0),MATCH('Cost per tariff category'!I$12,Inputs!$F$2:$R$2,0))} -> 41.42 | J28: {=INDEX(Inputs!$F$4:$R$111,MATCH('Cost per tariff category'!$C28 & 'Cost per tariff category'!$E28,Inputs!$A$4:$A$111 & Inputs!$B$4:$B$111,0),MATCH('Cost per tariff category'!J$12,Inputs!$F$2:$R$2,0))} -> 42.46 | K28: {=INDEX(Inputs!$F$4:$R$111,MATCH('Cost per tariff category'!$C28 & 'Cost per tariff category'!$E28,Inputs!$A$4:$A$111 & Inputs!$B$4:$B$111,0),MATCH('Cost per tariff category'!K$12,Inputs!$F$2:$R$2,0))} -> 41.63 | L28: {=INDEX(Inputs!$F$4:$R$111,MATCH('Cost per tariff category'!$C28 & 'Cost per tariff category'!$E28,Inputs!$A$4:$A$111 & Inputs!$B$4:$B$111,0),MATCH('Cost per tariff category'!L$12,Inputs!$F$2:$R$2,0))} -> 37.2 | M28: {=INDEX(Inputs!$F$4:$R$111,MATCH('Cost per tariff category'!$C28 & 'Cost per tariff category'!$E28,Inputs!$A$4:$A$111 & Inputs!$B$4:$B$111,0),MATCH('Cost per tariff category'!M$12,Inputs!$F$2:$R$2,0))} -> 37.53 | N28: {=INDEX(Inputs!$F$4:$R$111,MATCH('Cost per tariff category'!$C28 & 'Cost per tariff category'!$E28,Inputs!$A$4:$A$111 & Inputs!$B$4:$B$111,0),MATCH('Cost per tariff category'!N$12,Inputs!$F$2:$R$2,0))} -> 41.34 | O28: {=INDEX(Inputs!$F$4:$R$111,MATCH('Cost per tariff category'!$C28 & 'Cost per tariff category'!$E28,Inputs!$A$4:$A$111 & Inputs!$B$4:$B$111,0),MATCH('Cost per tariff category'!O$12,Inputs!$F$2:$R$2,0))} -> 40.17 | ... T28: {=INDEX(Inputs!$F$4:$R$111,MATCH('Cost per tariff category'!$C28 & 'Cost per tariff category'!$E28,Inputs!$A$4:$A$111 & Inputs!$B$4:$B$111,0),MATCH('Cost per tariff category'!T$12,Inputs!$F$2:$R$2,0))} -> 40.58
C29: WSH | D29: 4 | E29: R4034_B4W | G29: £
C30: WSH | D30: 5 | E30: R4034_B5W | G30: £
C31: WSH | D31: 6 | E31: R4034_B6W | G31: £
C32: WSH | D32: 7 | E32: R4034_B7W | G32: £
C33: WSH | D33: 8 | E33: R4034_B8W | G33: £
C34: WSH | D34: 9 | E34: R4034_B9W | G34: £
C35: WSH | D35: 10 | E35: R4034_B10W | G35: £
A37: END OF SHEET

Sheet Outputs>>

Sheet Final allowance and margins
A1: Final cost and margin allowances
A2: All prices are in nominal terms
A4: HDD Water and Wastewater Cost Allowances
B6: Company | C6: Reference code | D6: Description | E6: Units | F6: 2020-21 | G6: 2021-22 | H6: 2022-23 | I6: 2023-24 | J6: 2024-25
B7: HDD | C7: R4034_B1W | D7: Retail cost per customer - water: unmetered and 0-5 ml | E7: £ | F7: {=INDEX('Cost per tariff category'!$H$13:$T$22,MATCH('Final allowance and margins'!$B7 & 'Final allowance and margins'!$C7,'Cost per tariff category'!$C$13:$C$22 & 'Cost per tariff category'!$E$13:$E$22,0), MATCH('Final allowance and margins'!F$6,'Cost per tariff category'!$H$12:$T$12,0))} -> 47.04 | G7: {=INDEX('Cost per tariff category'!$H$13:$T$22,MATCH('Final allowance and margins'!$B7 & 'Final allowance and margins'!$C7,'Cost per tariff category'!$C$13:$C$22 & 'Cost per tariff category'!$E$13:$E$22,0), MATCH('Final allowance and margins'!G$6,'Cost per tariff category'!$H$12:$T$12,0))} -> 47.68 | H7: {=INDEX('Cost per tariff category'!$H$13:$T$22,MATCH('Final allowance and margins'!$B7 & 'Final allowance and margins'!$C7,'Cost per tariff category'!$C$13:$C$22 & 'Cost per tariff category'!$E$13:$E$22,0), MATCH('Final allowance and margins'!H$6,'Cost per tariff category'!$H$12:$T$12,0))} -> 47.37 | I7: {=INDEX('Cost per tariff category'!$H$13:$T$22,MATCH('Final allowance and margins'!$B7 & 'Final allowance and margins'!$C7,'Cost per tariff category'!$C$13:$C$22 & 'Cost per tariff category'!$E$13:$E$22,0), MATCH('Final allowance and margins'!I$6,'Cost per tariff category'!$H$12:$T$12,0))} -> 48.44 | J7: {=INDEX('Cost per tariff category'!$H$13:$T$22,MATCH('Final allowance and margins'!$B7 & 'Final allowance and margins'!$C7,'Cost per tariff category'!$C$13:$C$22 & 'Cost per tariff category'!$E$13:$E$22,0), MATCH('Final allowance and margins'!J$6,'Cost per tariff category'!$H$12:$T$12,0))} -> 48.98
B8: HDD | C8: R5E00001W | D8: Net margin percentage - water: unmetered and 0-5 ml | E8: % | F8: 0.011485695 | G8: 0.01148711 | H8: 0.01149131 | I8: 0.011493632 | J8: 0.011495169
B9: HDD | C9: R4034_B2W | D9: Retail cost per customer - water: 5-50 ml | E9: £ | F9: {=INDEX('Cost per tariff category'!$H$13:$T$22,MATCH('Final allowance and margins'!$B9 & 'Final allowance and margins'!$C9,'Cost per tariff category'!$C$13:$C$22 & 'Cost per tariff category'!$E$13:$E$22,0), MATCH('Final allowance and margins'!F$6,'Cost per tariff category'!$H$12:$T$12,0))} -> 162.99 | G9: {=INDEX('Cost per tariff category'!$H$13:$T$22,MATCH('Final allowance and margins'!$B9 & 'Final allowance and margins'!$C9,'Cost per tariff category'!$C$13:$C$22 & 'Cost per tariff category'!$E$13:$E$22,0), MATCH('Final allowance and margins'!G$6,'Cost per tariff category'!$H$12:$T$12,0))} -> 166.37 | H9: {=INDEX('Cost per tariff category'!$H$13:$T$22,MATCH('Final allowance and margins'!$B9 & 'Final allowance and margins'!$C9,'Cost per tariff category'!$C$13:$C$22 & 'Cost per tariff category'!$E$13:$E$22,0), MATCH('Final allowance and margins'!H$6,'Cost per tariff category'!$H$12:$T$12,0))} -> 167.18 | I9: {=INDEX('Cost per tariff category'!$H$13:$T$22,MATCH('Final allowance and margins'!$B9 & 'Final allowance and margins'!$C9,'Cost per tariff category'!$C$13:$C$22 & 'Cost per tariff category'!$E$13:$E$22,0), MATCH('Final allowance and margins'!I$6,'Cost per tariff category'!$H$12:$T$12,0))} -> 172.13 | J9: {=INDEX('Cost per tariff category'!$H$13:$T$22,MATCH('Final allowance and margins'!$B9 & 'Final allowance and margins'!$C9,'Cost per tariff category'!$C$13:$C$22 & 'Cost per tariff category'!$E$13:$E$22,0), MATCH('Final allowance and margins'!J$6,'Cost per tariff category'!$H$12:$T$12,0))} -> 175.12
B10: HDD | C10: R5E00002W | D10: Net margin percentage - water: 5-50 ml | E10: % | F10: 0.0061098448 | G10: 0.0061109901 | H10: 0.0061152505 | I10: 0.006116891 | J10: 0.0061180402
B11: HDD | C11: R4034_B3W | D11: Retail cost per customer - water: >50ml | E11: £ | F11: {=INDEX('Cost per tariff category'!$H$13:$T$22,MATCH('Final allowance and margins'!$B11 & 'Final allowance and margins'!$C11,'Cost per tariff category'!$C$13:$C$22 & 'Cost per tariff category'!$E$13:$E$22,0), MATCH('Final allowance and margins'!F$6,'Cost per tariff category'!$H$12:$T$12,0))} -> 768.25 | G11: {=INDEX('Cost per tariff category'!$H$13:$T$22,MATCH('Final allowance and margins'!$B11 & 'Final allowance and margins'!$C11,'Cost per tariff category'!$C$13:$C$22 & 'Cost per tariff category'!$E$13:$E$22,0), MATCH('Final allowance and margins'!G$6,'Cost per tariff category'!$H$12:$T$12,0))} -> 787.99 | H11: {=INDEX('Cost per tariff category'!$H$13:$T$22,MATCH('Final allowance and margins'!$B11 & 'Final allowance and margins'!$C11,'Cost per tariff category'!$C$13:$C$22 & 'Cost per tariff category'!$E$13:$E$22,0), MATCH('Final allowance and margins'!H$6,'Cost per tariff category'!$H$12:$T$12,0))} -> 810.54 | I11: {=INDEX('Cost per tariff category'!$H$13:$T$22,MATCH('Final allowance and margins'!$B11 & 'Final allowance and margins'!$C11,'Cost per tariff category'!$C$13:$C$22 & 'Cost per tariff category'!$E$13:$E$22,0), MATCH('Final allowance and margins'!I$6,'Cost per tariff category'!$H$12:$T$12,0))} -> 843.68 | J11: {=INDEX('Cost per tariff category'!$H$13:$T$22,MATCH('Final allowance and margins'!$B11 & 'Final allowance and margins'!$C11,'Cost per tariff category'!$C$13:$C$22 & 'Cost per tariff category'!$E$13:$E$22,0), MATCH('Final allowance and margins'!J$6,'Cost per tariff category'!$H$12:$T$12,0))} -> 864.45
B12: HDD | C12: R4033_B3W | D12: Gross margin percentage - water: >50ml | E12: % | F12: 0.033 | G12: 0.033 | H12: 0.033 | I12: 0.033 | J12: 0.033
B14: HDD | C14: R4034_B4W | D14: Retail cost per customer - wastewater: unmetered and 0-5 ml | E14: £ | F14: {=INDEX('Cost per tariff category'!$H$13:$T$22,MATCH('Final allowance and margins'!$B14 & 'Final allowance and margins'!$C14,'Cost per tariff category'!$C$13:$C$22 & 'Cost per tariff category'!$E$13:$E$22,0), MATCH('Final allowance and margins'!F$6,'Cost per tariff category'!$H$12:$T$12,0))} -> 42.7 | G14: {=INDEX('Cost per tariff category'!$H$13:$T$22,MATCH('Final allowance and margins'!$B14 & 'Final allowance and margins'!$C14,'Cost per tariff category'!$C$13:$C$22 & 'Cost per tariff category'!$E$13:$E$22,0), MATCH('Final allowance and margins'!G$6,'Cost per tariff category'!$H$12:$T$12,0))} -> 42.79 | H14: {=INDEX('Cost per tariff category'!$H$13:$T$22,MATCH('Final allowance and margins'!$B14 & 'Final allowance and margins'!$C14,'Cost per tariff category'!$C$13:$C$22 & 'Cost per tariff category'!$E$13:$E$22,0), MATCH('Final allowance and margins'!H$6,'Cost per tariff category'!$H$12:$T$12,0))} -> 41.59 | I14: {=INDEX('Cost per tariff category'!$H$13:$T$22,MATCH('Final allowance and margins'!$B14 & 'Final allowance and margins'!$C14,'Cost per tariff category'!$C$13:$C$22 & 'Cost per tariff category'!$E$13:$E$22,0), MATCH('Final allowance and margins'!I$6,'Cost per tariff category'!$H$12:$T$12,0))} -> 42.08 | J14: {=INDEX('Cost per tariff category'!$H$13:$T$22,MATCH('Final allowance and margins'!$B14 & 'Final allowance and margins'!$C14,'Cost per tariff category'!$C$13:$C$22 & 'Cost per tariff category'!$E$13:$E$22,0), MATCH('Final allowance and margins'!J$6,'Cost per tariff category'!$H$12:$T$12,0))} -> 42.02
B15: HDD | C15: R5E00004W | D15: Net margin percentage- wastewater: unmetered and 0-5 ml | E15: % | F15: 0.011328314 | G15: 0.011322325 | H15: 0.011299781 | I15: 0.011292364 | J15: 0.011285855
B16: HDD | C16: R4034_B5W | D16: Retail cost per customer - wastewater: 5-50 ml | E16: £ | F16: {=INDEX('Cost per tariff category'!$H$13:$T$22,MATCH('Final allowance and margins'!$B16 & 'Final allowance and margins'!$C16,'Cost per tariff category'!$C$13:$C$22 & 'Cost per tariff category'!$E$13:$E$22,0), MATCH('Final allowance and margins'!F$6,'Cost per tariff category'!$H$12:$T$12,0))} -> 172.69 | G16: {=INDEX('Cost per tariff category'!$H$13:$T$22,MATCH('Final allowance and margins'!$B16 & 'Final allowance and margins'!$C16,'Cost per tariff category'!$C$13:$C$22 & 'Cost per tariff category'!$E$13:$E$22,0), MATCH('Final allowance and margins'!G$6,'Cost per tariff category'!$H$12:$T$12,0))} -> 176.54 | H16: {=INDEX('Cost per tariff category'!$H$13:$T$22,MATCH('Final allowance and margins'!$B16 & 'Final allowance and margins'!$C16,'Cost per tariff category'!$C$13:$C$22 & 'Cost per tariff category'!$E$13:$E$22,0), MATCH('Final allowance and margins'!H$6,'Cost per tariff category'!$H$12:$T$12,0))} -> 180.08 | I16: {=INDEX('Cost per tariff category'!$H$13:$T$22,MATCH('Final allowance and margins'!$B16 & 'Final allowance and margins'!$C16,'Cost per tariff category'!$C$13:$C$22 & 'Cost per tariff category'!$E$13:$E$22,0), MATCH('Final allowance and margins'!I$6,'Cost per tariff category'!$H$12:$T$12,0))} -> 186.17 | J16: {=INDEX('Cost per tariff category'!$H$13:$T$22,MATCH('Final allowance and margins'!$B16 & 'Final allowance and margins'!$C16,'Cost per tariff category'!$C$13:$C$22 & 'Cost per tariff category'!$E$13:$E$22,0), MATCH('Final allowance and margins'!J$6,'Cost per tariff category'!$H$12:$T$12,0))} -> 189.91
B17: HDD | C17: R5E00005W | D17: Net margin percentage- wastewater: 5-50 ml | E17: % | F17: 0.0067630981 | G17: 0.0067812814 | H17: 0.0068451693 | I17: 0.006867593 | J17: 0.0068874493
B18: HDD | C18: R4034_B6W | D18: Retail cost per customer - wastewater: >50ml | E18: £ | F18: {=INDEX('Cost per tariff category'!$H$13:$T$22,MATCH('Final allowance and margins'!$B18 & 'Final allowance and margins'!$C18,'Cost per tariff category'!$C$13:$C$22 & 'Cost per tariff category'!$E$13:$E$22,0), MATCH('Final allowance and margins'!F$6,'Cost per tariff category'!$H$12:$T$12,0))} -> 56.06 | G18: {=INDEX('Cost per tariff category'!$H$13:$T$22,MATCH('Final allowance and margins'!$B18 & 'Final allowance and margins'!$C18,'Cost per tariff category'!$C$13:$C$22 & 'Cost per tariff category'!$E$13:$E$22,0), MATCH('Final allowance and margins'!G$6,'Cost per tariff category'!$H$12:$T$12,0))} -> 57.07 | H18: {=INDEX('Cost per tariff category'!$H$13:$T$22,MATCH('Final allowance and margins'!$B18 & 'Final allowance and margins'!$C18,'Cost per tariff category'!$C$13:$C$22 & 'Cost per tariff category'!$E$13:$E$22,0), MATCH('Final allowance and margins'!H$6,'Cost per tariff category'!$H$12:$T$12,0))} -> 57.66 | I18: {=INDEX('Cost per tariff category'!$H$13:$T$22,MATCH('Final allowance and margins'!$B18 & 'Final allowance and margins'!$C18,'Cost per tariff category'!$C$13:$C$22 & 'Cost per tariff category'!$E$13:$E$22,0), MATCH('Final allowance and margins'!I$6,'Cost per tariff category'!$H$12:$T$12,0))} -> 59.03 | J18: {=INDEX('Cost per tariff category'!$H$13:$T$22,MATCH('Final allowance and margins'!$B18 & 'Final allowance and margins'!$C18,'Cost per tariff category'!$C$13:$C$22 & 'Cost per tariff category'!$E$13:$E$22,0), MATCH('Final allowance and margins'!J$6,'Cost per tariff category'!$H$12:$T$12,0))} -> 59.82
B19: HDD | C19: R5E00006W | D19: Net margin percentage- wastewater: >50ml | E19: % | F19: 0.0077422093 | G19: 0.0077541075 | H19: 0.0078228305 | I19: 0.0078191859 | J19: 0.0078195923
A21: WSH Water and Wastewater Cost Allowances
B23: WSH | C23: R4034_B1W | D23: Retail cost per customer - water <50ml | E23: £ | F23: {=INDEX('Cost per tariff category'!$H$26:$T$35,MATCH('Final allowance and margins'!$B23 & 'Final allowance and margins'!$C23, 'Cost per tariff category'!$C$26:$C$35 & 'Cost per tariff category'!$E$26:$E$35,0),MATCH('Final allowance and margins'!F$6,'Cost per tariff category'!$H$12:$T$12,0))} -> 30.86 | G23: {=INDEX('Cost per tariff category'!$H$26:$T$35,MATCH('Final allowance and margins'!$B23 & 'Final allowance and margins'!$C23, 'Cost per tariff category'!$C$26:$C$35 & 'Cost per tariff category'!$E$26:$E$35,0),MATCH('Final allowance and margins'!G$6,'Cost per tariff category'!$H$12:$T$12,0))} -> 30.54 | H23: {=INDEX('Cost per tariff category'!$H$26:$T$35,MATCH('Final allowance and margins'!$B23 & 'Final allowance and margins'!$C23, 'Cost per tariff category'!$C$26:$C$35 & 'Cost per tariff category'!$E$26:$E$35,0),MATCH('Final allowance and margins'!H$6,'Cost per tariff category'!$H$12:$T$12,0))} -> 30.5 | I23: {=INDEX('Cost per tariff category'!$H$26:$T$35,MATCH('Final allowance and margins'!$B23 & 'Final allowance and margins'!$C23, 'Cost per tariff category'!$C$26:$C$35 & 'Cost per tariff category'!$E$26:$E$35,0),MATCH('Final allowance and margins'!I$6,'Cost per tariff category'!$H$12:$T$12,0))} -> 30.37 | J23: {=INDEX('Cost per tariff category'!$H$26:$T$35,MATCH('Final allowance and margins'!$B23 & 'Final allowance and margins'!$C23, 'Cost per tariff category'!$C$26:$C$35 & 'Cost per tariff category'!$E$26:$E$35,0),MATCH('Final allowance and margins'!J$6,'Cost per tariff category'!$H$12:$T$12,0))} -> 30.4
B24: WSH | C24: R5E00001W | D24: Net margin percentage - water <50ml | E24: % | F24: 0.01 | G24: 0.01 | H24: 0.01 | I24: 0.01 | J24: 0.01
B25: WSH | C25: R4034_B2W | D25: Retail cost per customer - water >50ml | E25: £ | F25: {=INDEX('Cost per tariff category'!$H$26:$T$35,MATCH('Final allowance and margins'!$B25 & 'Final allowance and margins'!$C25, 'Cost per tariff category'!$C$26:$C$35 & 'Cost per tariff category'!$E$26:$E$35,0),MATCH('Final allowance and margins'!F$6,'Cost per tariff category'!$H$12:$T$12,0))} -> 224.78 | G25: {=INDEX('Cost per tariff category'!$H$26:$T$35,MATCH('Final allowance and margins'!$B25 & 'Final allowance and margins'!$C25, 'Cost per tariff category'!$C$26:$C$35 & 'Cost per tariff category'!$E$26:$E$35,0),MATCH('Final allowance and margins'!G$6,'Cost per tariff category'!$H$12:$T$12,0))} -> 231.4 | H25: {=INDEX('Cost per tariff category'!$H$26:$T$35,MATCH('Final allowance and margins'!$B25 & 'Final allowance and margins'!$C25, 'Cost per tariff category'!$C$26:$C$35 & 'Cost per tariff category'!$E$26:$E$35,0),MATCH('Final allowance and margins'!H$6,'Cost per tariff category'!$H$12:$T$12,0))} -> 239.93 | I25: {=INDEX('Cost per tariff category'!$H$26:$T$35,MATCH('Final allowance and margins'!$B25 & 'Final allowance and margins'!$C25, 'Cost per tariff category'!$C$26:$C$35 & 'Cost per tariff category'!$E$26:$E$35,0),MATCH('Final allowance and margins'!I$6,'Cost per tariff category'!$H$12:$T$12,0))} -> 247.86 | J25: {=INDEX('Cost per tariff category'!$H$26:$T$35,MATCH('Final allowance and margins'!$B25 & 'Final allowance and margins'!$C25, 'Cost per tariff category'!$C$26:$C$35 & 'Cost per tariff category'!$E$26:$E$35,0),MATCH('Final allowance and margins'!J$6,'Cost per tariff category'!$H$12:$T$12,0))} -> 257.19
B26: WSH | C26: R4033_B2W | D26: Gross margin percentage - water >50ml | E26: % | F26: 0.033 | G26: 0.033 | H26: 0.033 | I26: 0.033 | J26: 0.033
B27: WSH | C27: R4034_B3W | D27: Retail cost per customer - wastewater | E27: £ | F27: {=INDEX('Cost per tariff category'!$H$26:$T$35,MATCH('Final allowance and margins'!$B27 & 'Final allowance and margins'!$C27, 'Cost per tariff category'!$C$26:$C$35 & 'Cost per tariff category'!$E$26:$E$35,0),MATCH('Final allowance and margins'!F$6,'Cost per tariff category'!$H$12:$T$12,0))} -> 40.3 | G27: {=INDEX('Cost per tariff category'!$H$26:$T$35,MATCH('Final allowance and margins'!$B27 & 'Final allowance and margins'!$C27, 'Cost per tariff category'!$C$26:$C$35 & 'Cost per tariff category'!$E$26:$E$35,0),MATCH('Final allowance and margins'!G$6,'Cost per tariff category'!$H$12:$T$12,0))} -> 40.12 | H27: {=INDEX('Cost per tariff category'!$H$26:$T$35,MATCH('Final allowance and margins'!$B27 & 'Final allowance and margins'!$C27, 'Cost per tariff category'!$C$26:$C$35 & 'Cost per tariff category'!$E$26:$E$35,0),MATCH('Final allowance and margins'!H$6,'Cost per tariff category'!$H$12:$T$12,0))} -> 40.27 | I27: {=INDEX('Cost per tariff category'!$H$26:$T$35,MATCH('Final allowance and margins'!$B27 & 'Final allowance and margins'!$C27, 'Cost per tariff category'!$C$26:$C$35 & 'Cost per tariff category'!$E$26:$E$35,0),MATCH('Final allowance and margins'!I$6,'Cost per tariff category'!$H$12:$T$12,0))} -> 40.32 | J27: {=INDEX('Cost per tariff category'!$H$26:$T$35,MATCH('Final allowance and margins'!$B27 & 'Final allowance and margins'!$C27, 'Cost per tariff category'!$C$26:$C$35 & 'Cost per tariff category'!$E$26:$E$35,0),MATCH('Final allowance and margins'!J$6,'Cost per tariff category'!$H$12:$T$12,0))} -> 40.58
B28: WSH | C28: R5E00003W | D28: Net margin percentage - wastewater | E28: % | F28: 0.01 | G28: 0.01 | H28: 0.01 | I28: 0.01 | J28: 0.01
A30: Margin percentage figures are sourced from WSH and HDD business plan April 2019 submission, table R4
A32: END OF SHEET

Sheet Financial model data - nominal
C1: PR19CAbur_Out
A2: Acronym | B2: Reference | C2: Item description | D2: Unit | E2: Model | F2: 2020-21 | G2: 2021-22 | H2: 2022-23 | I2: 2023-24 | J2: 2024-25
A4: HDD | B4: R4034_B1 | C4: Business retail average cost per customer in Tariff Band 1 | D4: £ | E4: Price Review 2019
A5: HDD | B5: R4034_B2 | C5: Business retail average cost per customer in Tariff Band 2 | D5: £ | E5: Price Review 2019
A6: HDD | B6: R4034_B3 | C6: Business retail average cost per customer in Tariff Band 3 | D6: £ | E6: Price Review 2019
A7: HDD | B7: R4034_B4 | C7: Business retail average cost per customer in Tariff Band 4 | D7: £ | E7: Price Review 2019
A8: HDD | B8: R4034_B5 | C8: Business retail average cost per customer in Tariff Band 5 | D8: £ | E8: Price Review 2019
A9: HDD | B9: R4034_B6 | C9: Business retail average cost per customer in Tariff Band 6 | D9: £ | E9: Price Review 2019
A10: HDD | B10: R4034_B7 | C10: Business retail average cost per customer in Tariff Band 7 | D10: £ | E10: Price Review 2019
A11: HDD | B11: R4034_B8 | C11: Business retail average cost per customer in Tariff Band 8 | D11: £ | E11: Price Review 2019
A12: HDD | B12: R4034_B9 | C12: Business retail average cost per customer in Tariff Band 9 | D12: £ | E12: Price Review 2019
A13: HDD | B13: R4034_B10 | C13: Business retail average cost per customer in Tariff Band 10 | D13: £ | E13: Price Review 2019
A14: HDD | B14: R4034_B1W | C14: Business retail average cost per customer in Tariff Band 1 | D14: £ | E14: Price Review 2019 | F14: ='Cost per tariff category'!P13 -> 47.04 | G14: ='Cost per tariff category'!Q13 -> 47.68 | H14: ='Cost per tariff category'!R13 -> 47.37 | I14: ='Cost per tariff category'!S13 -> 48.44 | J14: ='Cost per tariff category'!T13 -> 48.98
A15: HDD | B15: R4034_B2W | C15: Business retail average cost per customer in Tariff Band 2 | D15: £ | E15: Price Review 2019 | F15: ='Cost per tariff category'!P14 -> 162.99 | G15: ='Cost per tariff category'!Q14 -> 166.37 | H15: ='Cost per tariff category'!R14 -> 167.18 | I15: ='Cost per tariff category'!S14 -> 172.13 | J15: ='Cost per tariff category'!T14 -> 175.12
A16: HDD | B16: R4034_B3W | C16: Business retail average cost per customer in Tariff Band 3 | D16: £ | E16: Price Review 2019 | F16: ='Cost per tariff category'!P15 -> 768.25 | G16: ='Cost per tariff category'!Q15 -> 787.99 | H16: ='Cost per tariff category'!R15 -> 810.54 | I16: ='Cost per tariff category'!S15 -> 843.68 | J16: ='Cost per tariff category'!T15 -> 864.45
A17: HDD | B17: R4034_B4W | C17: Business retail average cost per customer in Tariff Band 4 | D17: £ | E17: Price Review 2019 | F17: ='Cost per tariff category'!P16 -> 42.7 | G17: ='Cost per tariff category'!Q16 -> 42.79 | H17: ='Cost per tariff category'!R16 -> 41.59 | I17: ='Cost per tariff category'!S16 -> 42.08 | J17: ='Cost per tariff category'!T16 -> 42.02
A18: HDD | B18: R4034_B5W | C18: Business retail average cost per customer in Tariff Band 5 | D18: £ | E18: Price Review 2019 | F18: ='Cost per tariff category'!P17 -> 172.69 | G18: ='Cost per tariff category'!Q17 -> 176.54 | H18: ='Cost per tariff category'!R17 -> 180.08 | I18: ='Cost per tariff category'!S17 -> 186.17 | J18: ='Cost per tariff category'!T17 -> 189.91
A19: HDD | B19: R4034_B6W | C19: Business retail average cost per customer in Tariff Band 6 | D19: £ | E19: Price Review 2019 | F19: ='Cost per tariff category'!P18 -> 56.06 | G19: ='Cost per tariff category'!Q18 -> 57.07 | H19: ='Cost per tariff category'!R18 -> 57.66 | I19: ='Cost per tariff category'!S18 -> 59.03 | J19: ='Cost per tariff category'!T18 -> 59.82
A20: HDD | B20: R4034_B7W | C20: Business retail average cost per customer in Tariff Band 7 | D20: £ | E20: Price Review 2019 | F20: ='Cost per tariff category'!P19 -> 0 | G20: ='Cost per tariff category'!Q19 -> 0 | H20: ='Cost per tariff category'!R19 -> 0 | I20: ='Cost per tariff category'!S19 -> 0 | J20: ='Cost per tariff category'!T19 -> 0
A21: HDD | B21: R4034_B8W | C21: Business retail average cost per customer in Tariff Band 8 | D21: £ | E21: Price Review 2019 | F21: ='Cost per tariff category'!P20 -> 0 | G21: ='Cost per tariff category'!Q20 -> 0 | H21: ='Cost per tariff category'!R20 -> 0 | I21: ='Cost per tariff category'!S20 -> 0 | J21: ='Cost per tariff category'!T20 -> 0
A22: HDD | B22: R4034_B9W | C22: Business retail average cost per customer in Tariff Band 9 | D22: £ | E22: Price Review 2019 | F22: ='Cost per tariff category'!P21 -> 0 | G22: ='Cost per tariff category'!Q21 -> 0 | H22: ='Cost per tariff category'!R21 -> 0 | I22: ='Cost per tariff category'!S21 -> 0 | J22: ='Cost per tariff category'!T21 -> 0
A23: HDD | B23: R4034_B10W | C23: Business retail average cost per customer in Tariff Band 10 | D23: £ | E23: Price Review 2019 | F23: ='Cost per tariff category'!P22 -> 0 | G23: ='Cost per tariff category'!Q22 -> 0 | H23: ='Cost per tariff category'!R22 -> 0 | I23: ='Cost per tariff category'!S22 -> 0 | J23: ='Cost per tariff category'!T22 -> 0
A24: WSH | B24: R4034_B1 | C24: Business retail average cost per customer in Tariff Band 1 | D24: £ | E24: Price Review 2019
A25: WSH | B25: R4034_B2 | C25: Business retail average cost per customer in Tariff Band 2 | D25: £ | E25: Price Review 2019
A26: WSH | B26: R4034_B3 | C26: Business retail average cost per customer in Tariff Band 3 | D26: £ | E26: Price Review 2019
A27: WSH | B27: R4034_B4 | C27: Business retail average cost per customer in Tariff Band 4 | D27: £ | E27: Price Review 2019
A28: WSH | B28: R4034_B5 | C28: Business retail average cost per customer in Tariff Band 5 | D28: £ | E28: Price Review 2019
A29: WSH | B29: R4034_B6 | C29: Business retail average cost per customer in Tariff Band 6 | D29: £ | E29: Price Review 2019
A30: WSH | B30: R4034_B7 | C30: Business retail average cost per customer in Tariff Band 7 | D30: £ | E30: Price Review 2019
A31: WSH | B31: R4034_B8 | C31: Business retail average cost per customer in Tariff Band 8 | D31: £ | E31: Price Review 2019
A32: WSH | B32: R4034_B9 | C32: Business retail average cost per customer in Tariff Band 9 | D32: £ | E32: Price Review 2019
A33: WSH | B33: R4034_B10 | C33: Business retail average cost per customer in Tariff Band 10 | D33: £ | E33: Price Review 2019
A34: WSH | B34: R4034_B1W | C34: Business retail average cost per customer in Tariff Band 1 | D34: £ | E34: Price Review 2019 | F34: {=INDEX('Cost per tariff category'!$H$26:$T$35,MATCH('Financial model data - nominal'!$A34 & 'Financial model data - nominal'!$B34, 'Cost per tariff category'!$C$26:$C$35 & 'Cost per tariff category'!$E$26:$E$35,0),MATCH('Financial model data - nominal'!F$2,'Cost per tariff category'!$H$12:$T$12,0))} -> 30.86 | G34: {=INDEX('Cost per tariff category'!$H$26:$T$35,MATCH('Financial model data - nominal'!$A34 & 'Financial model data - nominal'!$B34, 'Cost per tariff category'!$C$26:$C$35 & 'Cost per tariff category'!$E$26:$E$35,0),MATCH('Financial model data - nominal'!G$2,'Cost per tariff category'!$H$12:$T$12,0))} -> 30.54 | H34: {=INDEX('Cost per tariff category'!$H$26:$T$35,MATCH('Financial model data - nominal'!$A34 & 'Financial model data - nominal'!$B34, 'Cost per tariff category'!$C$26:$C$35 & 'Cost per tariff category'!$E$26:$E$35,0),MATCH('Financial model data - nominal'!H$2,'Cost per tariff category'!$H$12:$T$12,0))} -> 30.5 | I34: {=INDEX('Cost per tariff category'!$H$26:$T$35,MATCH('Financial model data - nominal'!$A34 & 'Financial model data - nominal'!$B34, 'Cost per tariff category'!$C$26:$C$35 & 'Cost per tariff category'!$E$26:$E$35,0),MATCH('Financial model data - nominal'!I$2,'Cost per tariff category'!$H$12:$T$12,0))} -> 30.37 | J34: {=INDEX('Cost per tariff category'!$H$26:$T$35,MATCH('Financial model data - nominal'!$A34 & 'Financial model data - nominal'!$B34, 'Cost per tariff category'!$C$26:$C$35 & 'Cost per tariff category'!$E$26:$E$35,0),MATCH('Financial model data - nominal'!J$2,'Cost per tariff category'!$H$12:$T$12,0))} -> 30.4
A35: WSH | B35: R4034_B2W | C35: Business retail average cost per customer in Tariff Band 2 | D35: £ | E35: Price Review 2019 | F35: {=INDEX('Cost per tariff category'!$H$26:$T$35,MATCH('Financial model data - nominal'!$A35 & 'Financial model data - nominal'!$B35, 'Cost per tariff category'!$C$26:$C$35 & 'Cost per tariff category'!$E$26:$E$35,0),MATCH('Financial model data - nominal'!F$2,'Cost per tariff category'!$H$12:$T$12,0))} -> 224.78 | G35: {=INDEX('Cost per tariff category'!$H$26:$T$35,MATCH('Financial model data - nominal'!$A35 & 'Financial model data - nominal'!$B35, 'Cost per tariff category'!$C$26:$C$35 & 'Cost per tariff category'!$E$26:$E$35,0),MATCH('Financial model data - nominal'!G$2,'Cost per tariff category'!$H$12:$T$12,0))} -> 231.4 | H35: {=INDEX('Cost per tariff category'!$H$26:$T$35,MATCH('Financial model data - nominal'!$A35 & 'Financial model data - nominal'!$B35, 'Cost per tariff category'!$C$26:$C$35 & 'Cost per tariff category'!$E$26:$E$35,0),MATCH('Financial model data - nominal'!H$2,'Cost per tariff category'!$H$12:$T$12,0))} -> 239.93 | I35: {=INDEX('Cost per tariff category'!$H$26:$T$35,MATCH('Financial model data - nominal'!$A35 & 'Financial model data - nominal'!$B35, 'Cost per tariff category'!$C$26:$C$35 & 'Cost per tariff category'!$E$26:$E$35,0),MATCH('Financial model data - nominal'!I$2,'Cost per tariff category'!$H$12:$T$12,0))} -> 247.86 | J35: {=INDEX('Cost per tariff category'!$H$26:$T$35,MATCH('Financial model data - nominal'!$A35 & 'Financial model data - nominal'!$B35, 'Cost per tariff category'!$C$26:$C$35 & 'Cost per tariff category'!$E$26:$E$35,0),MATCH('Financial model data - nominal'!J$2,'Cost per tariff category'!$H$12:$T$12,0))} -> 257.19
A36: WSH | B36: R4034_B3W | C36: Business retail average cost per customer in Tariff Band 3 | D36: £ | E36: Price Review 2019 | F36: {=INDEX('Cost per tariff category'!$H$26:$T$35,MATCH('Financial model data - nominal'!$A36 & 'Financial model data - nominal'!$B36, 'Cost per tariff category'!$C$26:$C$35 & 'Cost per tariff category'!$E$26:$E$35,0),MATCH('Financial model data - nominal'!F$2,'Cost per tariff category'!$H$12:$T$12,0))} -> 40.3 | G36: {=INDEX('Cost per tariff category'!$H$26:$T$35,MATCH('Financial model data - nominal'!$A36 & 'Financial model data - nominal'!$B36, 'Cost per tariff category'!$C$26:$C$35 & 'Cost per tariff category'!$E$26:$E$35,0),MATCH('Financial model data - nominal'!G$2,'Cost per tariff category'!$H$12:$T$12,0))} -> 40.12 | H36: {=INDEX('Cost per tariff category'!$H$26:$T$35,MATCH('Financial model data - nominal'!$A36 & 'Financial model data - nominal'!$B36, 'Cost per tariff category'!$C$26:$C$35 & 'Cost per tariff category'!$E$26:$E$35,0),MATCH('Financial model data - nominal'!H$2,'Cost per tariff category'!$H$12:$T$12,0))} -> 40.27 | I36: {=INDEX('Cost per tariff category'!$H$26:$T$35,MATCH('Financial model data - nominal'!$A36 & 'Financial model data - nominal'!$B36, 'Cost per tariff category'!$C$26:$C$35 & 'Cost per tariff category'!$E$26:$E$35,0),MATCH('Financial model data - nominal'!I$2,'Cost per tariff category'!$H$12:$T$12,0))} -> 40.32 | J36: {=INDEX('Cost per tariff category'!$H$26:$T$35,MATCH('Financial model data - nominal'!$A36 & 'Financial model data - nominal'!$B36, 'Cost per tariff category'!$C$26:$C$35 & 'Cost per tariff category'!$E$26:$E$35,0),MATCH('Financial model data - nominal'!J$2,'Cost per tariff category'!$H$12:$T$12,0))} -> 40.58
A37: WSH | B37: R4034_B4W | C37: Business retail average cost per customer in Tariff Band 4 | D37: £ | E37: Price Review 2019 | F37: {=INDEX('Cost per tariff category'!$H$26:$T$35,MATCH('Financial model data - nominal'!$A37 & 'Financial model data - nominal'!$B37, 'Cost per tariff category'!$C$26:$C$35 & 'Cost per tariff category'!$E$26:$E$35,0),MATCH('Financial model data - nominal'!F$2,'Cost per tariff category'!$H$12:$T$12,0))} -> 0 | G37: {=INDEX('Cost per tariff category'!$H$26:$T$35,MATCH('Financial model data - nominal'!$A37 & 'Financial model data - nominal'!$B37, 'Cost per tariff category'!$C$26:$C$35 & 'Cost per tariff category'!$E$26:$E$35,0),MATCH('Financial model data - nominal'!G$2,'Cost per tariff category'!$H$12:$T$12,0))} -> 0 | H37: {=INDEX('Cost per tariff category'!$H$26:$T$35,MATCH('Financial model data - nominal'!$A37 & 'Financial model data - nominal'!$B37, 'Cost per tariff category'!$C$26:$C$35 & 'Cost per tariff category'!$E$26:$E$35,0),MATCH('Financial model data - nominal'!H$2,'Cost per tariff category'!$H$12:$T$12,0))} -> 0 | I37: {=INDEX('Cost per tariff category'!$H$26:$T$35,MATCH('Financial model data - nominal'!$A37 & 'Financial model data - nominal'!$B37, 'Cost per tariff category'!$C$26:$C$35 & 'Cost per tariff category'!$E$26:$E$35,0),MATCH('Financial model data - nominal'!I$2,'Cost per tariff category'!$H$12:$T$12,0))} -> 0 | J37: {=INDEX('Cost per tariff category'!$H$26:$T$35,MATCH('Financial model data - nominal'!$A37 & 'Financial model data - nominal'!$B37, 'Cost per tariff category'!$C$26:$C$35 & 'Cost per tariff category'!$E$26:$E$35,0),MATCH('Financial model data - nominal'!J$2,'Cost per tariff category'!$H$12:$T$12,0))} -> 0
A38: WSH | B38: R4034_B5W | C38: Business retail average cost per customer in Tariff Band 5 | D38: £ | E38: Price Review 2019 | F38: {=INDEX('Cost per tariff category'!$H$26:$T$35,MATCH('Financial model data - nominal'!$A38 & 'Financial model data - nominal'!$B38, 'Cost per tariff category'!$C$26:$C$35 & 'Cost per tariff category'!$E$26:$E$35,0),MATCH('Financial model data - nominal'!F$2,'Cost per tariff category'!$H$12:$T$12,0))} -> 0 | G38: {=INDEX('Cost per tariff category'!$H$26:$T$35,MATCH('Financial model data - nominal'!$A38 & 'Financial model data - nominal'!$B38, 'Cost per tariff category'!$C$26:$C$35 & 'Cost per tariff category'!$E$26:$E$35,0),MATCH('Financial model data - nominal'!G$2,'Cost per tariff category'!$H$12:$T$12,0))} -> 0 | H38: {=INDEX('Cost per tariff category'!$H$26:$T$35,MATCH('Financial model data - nominal'!$A38 & 'Financial model data - nominal'!$B38, 'Cost per tariff category'!$C$26:$C$35 & 'Cost per tariff category'!$E$26:$E$35,0),MATCH('Financial model data - nominal'!H$2,'Cost per tariff category'!$H$12:$T$12,0))} -> 0 | I38: {=INDEX('Cost per tariff category'!$H$26:$T$35,MATCH('Financial model data - nominal'!$A38 & 'Financial model data - nominal'!$B38, 'Cost per tariff category'!$C$26:$C$35 & 'Cost per tariff category'!$E$26:$E$35,0),MATCH('Financial model data - nominal'!I$2,'Cost per tariff category'!$H$12:$T$12,0))} -> 0 | J38: {=INDEX('Cost per tariff category'!$H$26:$T$35,MATCH('Financial model data - nominal'!$A38 & 'Financial model data - nominal'!$B38, 'Cost per tariff category'!$C$26:$C$35 & 'Cost per tariff category'!$E$26:$E$35,0),MATCH('Financial model data - nominal'!J$2,'Cost per tariff category'!$H$12:$T$12,0))} -> 0
A39: WSH | B39: R4034_B6W | C39: Business retail average cost per customer in Tariff Band 6 | D39: £ | E39: Price Review 2019 | F39: {=INDEX('Cost per tariff category'!$H$26:$T$35,MATCH('Financial model data - nominal'!$A39 & 'Financial model data - nominal'!$B39, 'Cost per tariff category'!$C$26:$C$35 & 'Cost per tariff category'!$E$26:$E$35,0),MATCH('Financial model data - nominal'!F$2,'Cost per tariff category'!$H$12:$T$12,0))} -> 0 | G39: {=INDEX('Cost per tariff category'!$H$26:$T$35,MATCH('Financial model data - nominal'!$A39 & 'Financial model data - nominal'!$B39, 'Cost per tariff category'!$C$26:$C$35 & 'Cost per tariff category'!$E$26:$E$35,0),MATCH('Financial model data - nominal'!G$2,'Cost per tariff category'!$H$12:$T$12,0))} -> 0 | H39: {=INDEX('Cost per tariff category'!$H$26:$T$35,MATCH('Financial model data - nominal'!$A39 & 'Financial model data - nominal'!$B39, 'Cost per tariff category'!$C$26:$C$35 & 'Cost per tariff category'!$E$26:$E$35,0),MATCH('Financial model data - nominal'!H$2,'Cost per tariff category'!$H$12:$T$12,0))} -> 0 | I39: {=INDEX('Cost per tariff category'!$H$26:$T$35,MATCH('Financial model data - nominal'!$A39 & 'Financial model data - nominal'!$B39, 'Cost per tariff category'!$C$26:$C$35 & 'Cost per tariff category'!$E$26:$E$35,0),MATCH('Financial model data - nominal'!I$2,'Cost per tariff category'!$H$12:$T$12,0))} -> 0 | J39: {=INDEX('Cost per tariff category'!$H$26:$T$35,MATCH('Financial model data - nominal'!$A39 & 'Financial model data - nominal'!$B39, 'Cost per tariff category'!$C$26:$C$35 & 'Cost per tariff category'!$E$26:$E$35,0),MATCH('Financial model data - nominal'!J$2,'Cost per tariff category'!$H$12:$T$12,0))} -> 0
A40: WSH | B40: R4034_B7W | C40: Business retail average cost per customer in Tariff Band 7 | D40: £ | E40: Price Review 2019 | F40: {=INDEX('Cost per tariff category'!$H$26:$T$35,MATCH('Financial model data - nominal'!$A40 & 'Financial model data - nominal'!$B40, 'Cost per tariff category'!$C$26:$C$35 & 'Cost per tariff category'!$E$26:$E$35,0),MATCH('Financial model data - nominal'!F$2,'Cost per tariff category'!$H$12:$T$12,0))} -> 0 | G40: {=INDEX('Cost per tariff category'!$H$26:$T$35,MATCH('Financial model data - nominal'!$A40 & 'Financial model data - nominal'!$B40, 'Cost per tariff category'!$C$26:$C$35 & 'Cost per tariff category'!$E$26:$E$35,0),MATCH('Financial model data - nominal'!G$2,'Cost per tariff category'!$H$12:$T$12,0))} -> 0 | H40: {=INDEX('Cost per tariff category'!$H$26:$T$35,MATCH('Financial model data - nominal'!$A40 & 'Financial model data - nominal'!$B40, 'Cost per tariff category'!$C$26:$C$35 & 'Cost per tariff category'!$E$26:$E$35,0),MATCH('Financial model data - nominal'!H$2,'Cost per tariff category'!$H$12:$T$12,0))} -> 0 | I40: {=INDEX('Cost per tariff category'!$H$26:$T$35,MATCH('Financial model data - nominal'!$A40 & 'Financial model data - nominal'!$B40, 'Cost per tariff category'!$C$26:$C$35 & 'Cost per tariff category'!$E$26:$E$35,0),MATCH('Financial model data - nominal'!I$2,'Cost per tariff category'!$H$12:$T$12,0))} -> 0 | J40: {=INDEX('Cost per tariff category'!$H$26:$T$35,MATCH('Financial model data - nominal'!$A40 & 'Financial model data - nominal'!$B40, 'Cost per tariff category'!$C$26:$C$35 & 'Cost per tariff category'!$E$26:$E$35,0),MATCH('Financial model data - nominal'!J$2,'Cost per tariff category'!$H$12:$T$12,0))} -> 0
A41: WSH | B41: R4034_B8W | C41: Business retail average cost per customer in Tariff Band 8 | D41: £ | E41: Price Review 2019 | F41: {=INDEX('Cost per tariff category'!$H$26:$T$35,MATCH('Financial model data - nominal'!$A41 & 'Financial model data - nominal'!$B41, 'Cost per tariff category'!$C$26:$C$35 & 'Cost per tariff category'!$E$26:$E$35,0),MATCH('Financial model data - nominal'!F$2,'Cost per tariff category'!$H$12:$T$12,0))} -> 0 | G41: {=INDEX('Cost per tariff category'!$H$26:$T$35,MATCH('Financial model data - nominal'!$A41 & 'Financial model data - nominal'!$B41, 'Cost per tariff category'!$C$26:$C$35 & 'Cost per tariff category'!$E$26:$E$35,0),MATCH('Financial model data - nominal'!G$2,'Cost per tariff category'!$H$12:$T$12,0))} -> 0 | H41: {=INDEX('Cost per tariff category'!$H$26:$T$35,MATCH('Financial model data - nominal'!$A41 & 'Financial model data - nominal'!$B41, 'Cost per tariff category'!$C$26:$C$35 & 'Cost per tariff category'!$E$26:$E$35,0),MATCH('Financial model data - nominal'!H$2,'Cost per tariff category'!$H$12:$T$12,0))} -> 0 | I41: {=INDEX('Cost per tariff category'!$H$26:$T$35,MATCH('Financial model data - nominal'!$A41 & 'Financial model data - nominal'!$B41, 'Cost per tariff category'!$C$26:$C$35 & 'Cost per tariff category'!$E$26:$E$35,0),MATCH('Financial model data - nominal'!I$2,'Cost per tariff category'!$H$12:$T$12,0))} -> 0 | J41: {=INDEX('Cost per tariff category'!$H$26:$T$35,MATCH('Financial model data - nominal'!$A41 & 'Financial model data - nominal'!$B41, 'Cost per tariff category'!$C$26:$C$35 & 'Cost per tariff category'!$E$26:$E$35,0),MATCH('Financial model data - nominal'!J$2,'Cost per tariff category'!$H$12:$T$12,0))} -> 0
A42: WSH | B42: R4034_B9W | C42: Business retail average cost per customer in Tariff Band 9 | D42: £ | E42: Price Review 2019 | F42: {=INDEX('Cost per tariff category'!$H$26:$T$35,MATCH('Financial model data - nominal'!$A42 & 'Financial model data - nominal'!$B42, 'Cost per tariff category'!$C$26:$C$35 & 'Cost per tariff category'!$E$26:$E$35,0),MATCH('Financial model data - nominal'!F$2,'Cost per tariff category'!$H$12:$T$12,0))} -> 0 | G42: {=INDEX('Cost per tariff category'!$H$26:$T$35,MATCH('Financial model data - nominal'!$A42 & 'Financial model data - nominal'!$B42, 'Cost per tariff category'!$C$26:$C$35 & 'Cost per tariff category'!$E$26:$E$35,0),MATCH('Financial model data - nominal'!G$2,'Cost per tariff category'!$H$12:$T$12,0))} -> 0 | H42: {=INDEX('Cost per tariff category'!$H$26:$T$35,MATCH('Financial model data - nominal'!$A42 & 'Financial model data - nominal'!$B42, 'Cost per tariff category'!$C$26:$C$35 & 'Cost per tariff category'!$E$26:$E$35,0),MATCH('Financial model data - nominal'!H$2,'Cost per tariff category'!$H$12:$T$12,0))} -> 0 | I42: {=INDEX('Cost per tariff category'!$H$26:$T$35,MATCH('Financial model data - nominal'!$A42 & 'Financial model data - nominal'!$B42, 'Cost per tariff category'!$C$26:$C$35 & 'Cost per tariff category'!$E$26:$E$35,0),MATCH('Financial model data - nominal'!I$2,'Cost per tariff category'!$H$12:$T$12,0))} -> 0 | J42: {=INDEX('Cost per tariff category'!$H$26:$T$35,MATCH('Financial model data - nominal'!$A42 & 'Financial model data - nominal'!$B42, 'Cost per tariff category'!$C$26:$C$35 & 'Cost per tariff category'!$E$26:$E$35,0),MATCH('Financial model data - nominal'!J$2,'Cost per tariff category'!$H$12:$T$12,0))} -> 0
A43: WSH | B43: R4034_B10W | C43: Business retail average cost per customer in Tariff Band 10 | D43: £ | E43: Price Review 2019 | F43: {=INDEX('Cost per tariff category'!$H$26:$T$35,MATCH('Financial model data - nominal'!$A43 & 'Financial model data - nominal'!$B43, 'Cost per tariff category'!$C$26:$C$35 & 'Cost per tariff category'!$E$26:$E$35,0),MATCH('Financial model data - nominal'!F$2,'Cost per tariff category'!$H$12:$T$12,0))} -> 0 | G43: {=INDEX('Cost per tariff category'!$H$26:$T$35,MATCH('Financial model data - nominal'!$A43 & 'Financial model data - nominal'!$B43, 'Cost per tariff category'!$C$26:$C$35 & 'Cost per tariff category'!$E$26:$E$35,0),MATCH('Financial model data - nominal'!G$2,'Cost per tariff category'!$H$12:$T$12,0))} -> 0 | H43: {=INDEX('Cost per tariff category'!$H$26:$T$35,MATCH('Financial model data - nominal'!$A43 & 'Financial model data - nominal'!$B43, 'Cost per tariff category'!$C$26:$C$35 & 'Cost per tariff category'!$E$26:$E$35,0),MATCH('Financial model data - nominal'!H$2,'Cost per tariff category'!$H$12:$T$12,0))} -> 0 | I43: {=INDEX('Cost per tariff category'!$H$26:$T$35,MATCH('Financial model data - nominal'!$A43 & 'Financial model data - nominal'!$B43, 'Cost per tariff category'!$C$26:$C$35 & 'Cost per tariff category'!$E$26:$E$35,0),MATCH('Financial model data - nominal'!I$2,'Cost per tariff category'!$H$12:$T$12,0))} -> 0 | J43: {=INDEX('Cost per tariff category'!$H$26:$T$35,MATCH('Financial model data - nominal'!$A43 & 'Financial model data - nominal'!$B43, 'Cost per tariff category'!$C$26:$C$35 & 'Cost per tariff category'!$E$26:$E$35,0),MATCH('Financial model data - nominal'!J$2,'Cost per tariff category'!$H$12:$T$12,0))} -> 0

Sheet Financial model data - real
C1: PR19CAbur_Out
A2: Acronym | B2: Reference | C2: Item description | D2: Unit | E2: Model | F2: 2020-21 | G2: 2021-22 | H2: 2022-23 | I2: 2023-24 | J2: 2024-25
A4: HDD | B4: R4034_B1 | C4: Business retail average cost per customer in Tariff Band 1 | D4: £ | E4: Price Review 2019
A5: HDD | B5: R4034_B2 | C5: Business retail average cost per customer in Tariff Band 2 | D5: £ | E5: Price Review 2019
A6: HDD | B6: R4034_B3 | C6: Business retail average cost per customer in Tariff Band 3 | D6: £ | E6: Price Review 2019
A7: HDD | B7: R4034_B4 | C7: Business retail average cost per customer in Tariff Band 4 | D7: £ | E7: Price Review 2019
A8: HDD | B8: R4034_B5 | C8: Business retail average cost per customer in Tariff Band 5 | D8: £ | E8: Price Review 2019
A9: HDD | B9: R4034_B6 | C9: Business retail average cost per customer in Tariff Band 6 | D9: £ | E9: Price Review 2019
A10: HDD | B10: R4034_B7 | C10: Business retail average cost per customer in Tariff Band 7 | D10: £ | E10: Price Review 2019
A11: HDD | B11: R4034_B8 | C11: Business retail average cost per customer in Tariff Band 8 | D11: £ | E11: Price Review 2019
A12: HDD | B12: R4034_B9 | C12: Business retail average cost per customer in Tariff Band 9 | D12: £ | E12: Price Review 2019
A13: HDD | B13: R4034_B10 | C13: Business retail average cost per customer in Tariff Band 10 | D13: £ | E13: Price Review 2019
A14: HDD | B14: R4034_B1W | C14: Business retail average cost per customer in Tariff Band 1 | D14: £ | E14: Price Review 2019 | F14: ='Financial model data - nominal'!F14*'CPIH Adjustment'!$C$16 -> 44.596094 | G14: ='Financial model data - nominal'!G14*'CPIH Adjustment'!$C$17 -> 44.454516 | H14: ='Financial model data - nominal'!H14*'CPIH Adjustment'!$C$18 -> 43.382029 | I14: ='Financial model data - nominal'!I14*'CPIH Adjustment'!$C$19 -> 43.524912 | J14: ='Financial model data - nominal'!J14*'CPIH Adjustment'!$C$20 -> 43.165704
A15: HDD | B15: R4034_B2W | C15: Business retail average cost per customer in Tariff Band 2 | D15: £ | E15: Price Review 2019 | F15: ='Financial model data - nominal'!F15*'CPIH Adjustment'!$C$16 -> 154.52205 | G15: ='Financial model data - nominal'!G15*'CPIH Adjustment'!$C$17 -> 155.11531 | H15: ='Financial model data - nominal'!H15*'CPIH Adjustment'!$C$18 -> 153.1055 | I15: ='Financial model data - nominal'!I15*'CPIH Adjustment'!$C$19 -> 154.66439 | J15: ='Financial model data - nominal'!J15*'CPIH Adjustment'!$C$20 -> 154.33193
A16: HDD | B16: R4034_B3W | C16: Business retail average cost per customer in Tariff Band 3 | D16: £ | E16: Price Review 2019 | F16: ='Financial model data - nominal'!F16*'CPIH Adjustment'!$C$16 -> 728.33651 | G16: ='Financial model data - nominal'!G16*'CPIH Adjustment'!$C$17 -> 734.68361 | H16: ='Financial model data - nominal'!H16*'CPIH Adjustment'!$C$18 -> 742.30251 | I16: ='Financial model data - nominal'!I16*'CPIH Adjustment'!$C$19 -> 758.07387 | J16: ='Financial model data - nominal'!J16*'CPIH Adjustment'!$C$20 -> 761.83326
A17: HDD | B17: R4034_B4W | C17: Business retail average cost per customer in Tariff Band 4 | D17: £ | E17: Price Review 2019 | F17: ='Financial model data - nominal'!F17*'CPIH Adjustment'!$C$16 -> 40.481574 | G17: ='Financial model data - nominal'!G17*'CPIH Adjustment'!$C$17 -> 39.895318 | H17: ='Financial model data - nominal'!H17*'CPIH Adjustment'!$C$18 -> 38.088634 | I17: ='Financial model data - nominal'!I17*'CPIH Adjustment'!$C$19 -> 37.810246 | J17: ='Financial model data - nominal'!J17*'CPIH Adjustment'!$C$20 -> 37.031909
A18: HDD | B18: R4034_B5W | C18: Business retail average cost per customer in Tariff Band 5 | D18: £ | E18: Price Review 2019 | F18: ='Financial model data - nominal'!F18*'CPIH Adjustment'!$C$16 -> 163.7181 | G18: ='Financial model data - nominal'!G18*'CPIH Adjustment'!$C$17 -> 164.59732 | H18: ='Financial model data - nominal'!H18*'CPIH Adjustment'!$C$18 -> 164.91948 | I18: ='Financial model data - nominal'!I18*'CPIH Adjustment'!$C$19 -> 167.27979 | J18: ='Financial model data - nominal'!J18*'CPIH Adjustment'!$C$20 -> 167.36625
A19: HDD | B19: R4034_B6W | C19: Business retail average cost per customer in Tariff Band 6 | D19: £ | E19: Price Review 2019 | F19: ='Financial model data - nominal'!F19*'CPIH Adjustment'!$C$16 -> 53.147471 | G19: ='Financial model data - nominal'!G19*'CPIH Adjustment'!$C$17 -> 53.209296 | H19: ='Financial model data - nominal'!H19*'CPIH Adjustment'!$C$18 -> 52.805738 | I19: ='Financial model data - nominal'!I19*'CPIH Adjustment'!$C$19 -> 53.040371 | J19: ='Financial model data - nominal'!J19*'CPIH Adjustment'!$C$20 -> 52.718914
A20: HDD | B20: R4034_B7W | C20: Business retail average cost per customer in Tariff Band 7 | D20: £ | E20: Price Review 2019 | F20: ='Financial model data - nominal'!F20*'CPIH Adjustment'!$C$16 -> 0 | G20: ='Financial model data - nominal'!G20*'CPIH Adjustment'!$C$17 -> 0 | H20: ='Financial model data - nominal'!H20*'CPIH Adjustment'!$C$18 -> 0 | I20: ='Financial model data - nominal'!I20*'CPIH Adjustment'!$C$19 -> 0 | J20: ='Financial model data - nominal'!J20*'CPIH Adjustment'!$C$20 -> 0
A21: HDD | B21: R4034_B8W | C21: Business retail average cost per customer in Tariff Band 8 | D21: £ | E21: Price Review 2019 | F21: ='Financial model data - nominal'!F21*'CPIH Adjustment'!$C$16 -> 0 | G21: ='Financial model data - nominal'!G21*'CPIH Adjustment'!$C$17 -> 0 | H21: ='Financial model data - nominal'!H21*'CPIH Adjustment'!$C$18 -> 0 | I21: ='Financial model data - nominal'!I21*'CPIH Adjustment'!$C$19 -> 0 | J21: ='Financial model data - nominal'!J21*'CPIH Adjustment'!$C$20 -> 0
A22: HDD | B22: R4034_B9W | C22: Business retail average cost per customer in Tariff Band 9 | D22: £ | E22: Price Review 2019 | F22: ='Financial model data - nominal'!F22*'CPIH Adjustment'!$C$16 -> 0 | G22: ='Financial model data - nominal'!G22*'CPIH Adjustment'!$C$17 -> 0 | H22: ='Financial model data - nominal'!H22*'CPIH Adjustment'!$C$18 -> 0 | I22: ='Financial model data - nominal'!I22*'CPIH Adjustment'!$C$19 -> 0 | J22: ='Financial model data - nominal'!J22*'CPIH Adjustment'!$C$20 -> 0
A23: HDD | B23: R4034_B10W | C23: Business retail average cost per customer in Tariff Band 10 | D23: £ | E23: Price Review 2019 | F23: ='Financial model data - nominal'!F23*'CPIH Adjustment'!$C$16 -> 0 | G23: ='Financial model data - nominal'!G23*'CPIH Adjustment'!$C$17 -> 0 | H23: ='Financial model data - nominal'!H23*'CPIH Adjustment'!$C$18 -> 0 | I23: ='Financial model data - nominal'!I23*'CPIH Adjustment'!$C$19 -> 0 | J23: ='Financial model data - nominal'!J23*'CPIH Adjustment'!$C$20 -> 0
A24: WSH | B24: R4034_B1 | C24: Business retail average cost per customer in Tariff Band 1 | D24: £ | E24: Price Review 2019
A25: WSH | B25: R4034_B2 | C25: Business retail average cost per customer in Tariff Band 2 | D25: £ | E25: Price Review 2019
A26: WSH | B26: R4034_B3 | C26: Business retail average cost per customer in Tariff Band 3 | D26: £ | E26: Price Review 2019
A27: WSH | B27: R4034_B4 | C27: Business retail average cost per customer in Tariff Band 4 | D27: £ | E27: Price Review 2019
A28: WSH | B28: R4034_B5 | C28: Business retail average cost per customer in Tariff Band 5 | D28: £ | E28: Price Review 2019
A29: WSH | B29: R4034_B6 | C29: Business retail average cost per customer in Tariff Band 6 | D29: £ | E29: Price Review 2019
A30: WSH | B30: R4034_B7 | C30: Business retail average cost per customer in Tariff Band 7 | D30: £ | E30: Price Review 2019
A31: WSH | B31: R4034_B8 | C31: Business retail average cost per customer in Tariff Band 8 | D31: £ | E31: Price Review 2019
A32: WSH | B32: R4034_B9 | C32: Business retail average cost per customer in Tariff Band 9 | D32: £ | E32: Price Review 2019
A33: WSH | B33: R4034_B10 | C33: Business retail average cost per customer in Tariff Band 10 | D33: £ | E33: Price Review 2019
A34: WSH | B34: R4034_B1W | C34: Business retail average cost per customer in Tariff Band 1 | D34: £ | E34: Price Review 2019 | F34: ='Financial model data - nominal'!F34*'CPIH Adjustment'!$D$16 -> 28.825203 | G34: ='Financial model data - nominal'!G34*'CPIH Adjustment'!$D$17 -> 27.966996 | H34: ='Financial model data - nominal'!H34*'CPIH Adjustment'!$D$18 -> 27.382695 | I34: ='Financial model data - nominal'!I34*'CPIH Adjustment'!$D$19 -> 26.7314 | J34: ='Financial model data - nominal'!J34*'CPIH Adjustment'!$D$20 -> 26.233135
A35: WSH | B35: R4034_B2W | C35: Business retail average cost per customer in Tariff Band 2 | D35: £ | E35: Price Review 2019 | F35: ='Financial model data - nominal'!F35*'CPIH Adjustment'!$D$16 -> 209.95881 | G35: ='Financial model data - nominal'!G35*'CPIH Adjustment'!$D$17 -> 211.90448 | H35: ='Financial model data - nominal'!H35*'CPIH Adjustment'!$D$18 -> 215.40754 | I35: ='Financial model data - nominal'!I35*'CPIH Adjustment'!$D$19 -> 218.16414 | J35: ='Financial model data - nominal'!J35*'CPIH Adjustment'!$D$20 -> 221.9375
A36: WSH | B36: R4034_B3W | C36: Business retail average cost per customer in Tariff Band 3 | D36: £ | E36: Price Review 2019 | F36: ='Financial model data - nominal'!F36*'CPIH Adjustment'!$D$16 -> 37.642763 | G36: ='Financial model data - nominal'!G36*'CPIH Adjustment'!$D$17 -> 36.739878 | H36: ='Financial model data - nominal'!H36*'CPIH Adjustment'!$D$18 -> 36.154135 | I36: ='Financial model data - nominal'!I36*'CPIH Adjustment'!$D$19 -> 35.489301 | J36: ='Financial model data - nominal'!J36*'CPIH Adjustment'!$D$20 -> 35.017784
A37: WSH | B37: R4034_B4W | C37: Business retail average cost per customer in Tariff Band 4 | D37: £ | E37: Price Review 2019
A38: WSH | B38: R4034_B5W | C38: Business retail average cost per customer in Tariff Band 5 | D38: £ | E38: Price Review 2019
A39: WSH | B39: R4034_B6W | C39: Business retail average cost per customer in Tariff Band 6 | D39: £ | E39: Price Review 2019
A40: WSH | B40: R4034_B7W | C40: Business retail average cost per customer in Tariff Band 7 | D40: £ | E40: Price Review 2019
A41: WSH | B41: R4034_B8W | C41: Business retail average cost per customer in Tariff Band 8 | D41: £ | E41: Price Review 2019
A42: WSH | B42: R4034_B9W | C42: Business retail average cost per customer in Tariff Band 9 | D42: £ | E42: Price Review 2019
A43: WSH | B43: R4034_B10W | C43: Business retail average cost per customer in Tariff Band 10 | D43: £ | E43: Price Review 2019
